Workbook
Name \c: #REF!
Name \c: #REF!
Name \c: #REF!
Name \c: #REF!
Name \c: #REF!
Name \c: #REF!
Name \c: #REF!
Name \c: #REF!
Name \c: #REF!
Name \c: #REF!
Name \c: #REF!
Name \c: #REF!
Name \c: #REF!
Name \c: #REF!
Name \c: #REF!
Name \c: #REF!
Name \c: #REF!
Name \c: #REF!
Name \c: #REF!
Name \c: #REF!
Name \c: #REF!
Name \c: #REF!
Name \c: #REF!
Name \c: #REF!
Name \c: #REF!
Name \c: #REF!
Name \c: #REF!
Name \c: #REF!
Name \c: #REF!
Name \c: #REF!
Name \c: #REF!
Name \c: #REF!
Name \c: #REF!
Name \c: #REF!
Name \c: #REF!
Name \c: #REF!
Name \c: #REF!
Name \i: #REF!
Name \i: #REF!
Name \i: #REF!
Name \i: #REF!
Name \i: #REF!
Name \i: #REF!
Name \i: #REF!
Name \i: #REF!
Name \i: #REF!
Name \i: #REF!
Name \i: #REF!
Name \i: #REF!
Name \i: #REF!
Name \i: #REF!
Name \i: #REF!
Name \i: #REF!
Name \i: #REF!
Name \i: #REF!
Name \i: #REF!
Name \i: #REF!
Name \i: #REF!
Name \i: #REF!
Name \i: #REF!

Sheet JUSTIFICACIONES TECNICAS
E1: JUSTIFICACIONES TECNICAS | H1: FECHA:
E4: ADECUACIONES LOCATIVAS Y REFORZAMIENTO ESTRUCTURAL A LA SEDE JUDICIAL DEL MUNICIPIO DE TOLUVIEJO SUCRE
A7: íTEM | B7: CONDICIONES INICIALES | E7: CONDICIONES ACTUALIZADAS SEGÚN MODF. 1
B8: DESCRIPCIÓN | C8: UND | D8: CANT | E8: CANTIDADES | G8: CANT FINAL | H8: JUSTIFICACION
E9: MENOR (-) | F9: MAYOR (+)
A11: 1 | B11: Obras preliminares y provisionales
A12: =+A11+0.01 -> 1.01 | B12: Desmonte de cielo raso en lámina en yeso cartón | C12: m2 | D12: 140 | E12: =+IF(D12>G12,D12-G12,0) -> 0 | F12: =+IF(D12>G12,0,G12-D12) -> 9.6 | G12: =+'[2]CANTIDADES CAP 1'!H13 -> 149.6 | H12: LUEGO DE QUE SE HIZO VERIFICACION EN CAMPO LA CANTIDAD A EJECUTAR FINALMENTE ES MAYOR
A13: =+A12+0.01 -> 1.02 | B13: Demolición de piso en porcelanato | C13: m2 | D13: 140 | E13: =+IF(D13>G13,D13-G13,0) -> 5.17 | F13: =+IF(D13>G13,0,G13-D13) -> 0 | G13: =+'[2]CANTIDADES CAP 1'!H41 -> 134.83 | H13: LUEGO DE QUE SE HIZO VERIFICACION EN CAMPO LA CANTIDAD A EJECUTAR FINALMENTE ES MENOR
A14: =+A13+0.01 -> 1.03 | B14: Demolición de plantilla de piso | C14: m2 | D14: 140 | E14: =+IF(D14>G14,D14-G14,0) -> 5.17 | F14: =+IF(D14>G14,0,G14-D14) -> 0 | G14: =+'[2]CANTIDADES CAP 1'!H70 -> 134.83 | H14: LUEGO DE QUE SE HIZO VERIFICACION EN CAMPO LA CANTIDAD A EJECUTAR FINALMENTE ES MENOR
A15: =+A14+0.01 -> 1.04 | B15: Demolición de zocalo en porcelanato | C15: m | D15: =2.54+2.33+1.5+1.26+1.13+1.54+0.53+0.93+3.36+0.94+1.2+1.23+0.45+2.99+2.72+1.3+1.15+3.23+0.6+3.66+13.96+2.4+1.29+1.14+2.25+2.03+2.03+3.27+1.94+2.32+3.3+1+6.3+1.35+1.2+2.07+2.1+2.41+6.03+0.51+1.53+4.27+4.84+9.53+2.15+3.59+3.58+1.65+2.15+2.15+1.55+3.96+7.6 -> 142.04 | E15: =+IF(D15>G15,D15-G15,0) -> 21.92 | F15: =+IF(D15>G15,0,G15-D15) -> 0 | G15: =+'[2]CANTIDADES CAP 1'!H98 -> 120.12 | H15: LUEGO DE QUE SE HIZO VERIFICACION EN CAMPO LA CANTIDAD A EJECUTAR FINALMENTE ES MENOR
A16: =+A15+0.01 -> 1.05 | B16: Demolición de enchape de fachada | C16: m2 | D16: =4.6*4 -> 18.4 | E16: =+IF(D16>G16,D16-G16,0) -> 1.3 | F16: =+IF(D16>G16,0,G16-D16) -> 0 | G16: =+'[2]CANTIDADES CAP 1'!H126 -> 17.1 | H16: LUEGO DE QUE SE HIZO VERIFICACION EN CAMPO LA CANTIDAD A EJECUTAR FINALMENTE ES MENOR
A17: =+A16+0.01 -> 1.06 | B17: Excavación de terreno e=30 cm | C17: m3 | D17: =130*0.3 -> 39 | E17: =+IF(D17>G17,D17-G17,0) -> 0 | F17: =+IF(D17>G17,0,G17-D17) -> 3.66 | G17: =+'[2]CANTIDADES CAP 1'!H154 -> 42.66 | H17: LUEGO DE QUE SE HIZO VERIFICACION EN CAMPO LA CANTIDAD A EJECUTAR FINALMENTE ES MAYOR
A18: =+A17+0.01 -> 1.07 | B18: Demolición de plantilla perimetral acceso | C18: m2 | D18: 10 | E18: =+IF(D18>G18,D18-G18,0) -> 0 | F18: =+IF(D18>G18,0,G18-D18) -> 0 | G18: =+D18 -> 10
A19: =+A18+0.01 -> 1.08 | B19: RETIRO DE MATERIALES PROCEDENTES DE DEMOLICÍÓN (INCLUYE CARGUE, TRASIEGO Y DISPOSICIÓN EN BOTADERO OFICIAL) | C19: m3 | D19: 70 | E19: =+IF(D19>G19,D19-G19,0) -> 0 | F19: =+IF(D19>G19,0,G19-D19) -> 10.68 | G19: =+'[2]CANTIDADES CAP 1'!H182 -> 80.68 | H19: LUEGO DE QUE SE HIZO VERIFICACION EN CAMPO LA CANTIDAD A EJECUTAR FINALMENTE ES MAYOR
A20: 2 | B20: Impermeabilización cubierta y muros
A21: =+A20+0.01 -> 2.01 | B21: Demolición pañete | C21: m2 | D21: 2 | E21: =+IF(D21>G21,D21-G21,0) -> 0 | F21: =+IF(D21>G21,0,G21-D21) -> 61.3 | G21: =+'[2]CANTIDADES CAP 2'!H13 -> 63.3 | H21: LUEGO DE QUE SE HIZO VERIFICACION EN CAMPO LA CANTIDAD A EJECUTAR FINALMENTE ES MAYOR
A22: =+A21+0.01 -> 2.02 | B22: IMPERMEABILIZACIÓN INTEGRAL MORTERO | C22: m2 | D22: 64 | E22: =+IF(D22>G22,D22-G22,0) -> 64 | F22: =+IF(D22>G22,0,G22-D22) -> 0 | G22: 0 | H22: LUEGO DE QUE SE HIZO VERIFICACION EN CAMPO LA CANTIDAD A EJECUTAR NO SE TENDRA EN CUENTA PARA EJECUTAR
A23: =+A22+0.01 -> 2.03 | B23: IMPERMEABILIZACION MANTO 500XT-FOIL ALUMINIO | C23: m2 | D23: 140 | E23: =+IF(D23>G23,D23-G23,0) -> 70 | F23: =+IF(D23>G23,0,G23-D23) -> 0 | G23: =+'[2]CANTIDADES CAP 2'!H55 -> 70 | H23: LUEGO DE QUE SE HIZO VERIFICACION EN CAMPO LA CANTIDAD A EJECUTAR FINALMENTE ES MENOR
A24: 3 | B24: Suelos, pisos, estructura y muros
A25: =+A24+0.01 -> 3.01 | B25: Mejoramiento de suelo en suelo cemento, seleccionado y compactado | C25: m3 | D25: =130*0.3*1.6 -> 62.4 | E25: =+IF(D25>G25,D25-G25,0) -> 6.94 | F25: =+IF(D25>G25,0,G25-D25) -> 0 | G25: =+'[2]CANTIDADES CAP 3'!H13 -> 55.46 | H25: LUEGO DE QUE SE HIZO VERIFICACION EN CAMPO LA CANTIDAD A EJECUTAR FINALMENTE ES MENOR
A26: =+A25+0.01 -> 3.02 | B26: Fundida de plantilla de piso de espesor 8 cm de espesor en concreto de 3500psi, incluye refuerzo en malla electrosoldada de 6 mm de 15x15 cm | C26: m2 | D26: =140*0.08 -> 11.2 | E26: =+IF(D26>G26,D26-G26,0) -> 0 | F26: =+IF(D26>G26,0,G26-D26) -> 131 | G26: =+'[2]CANTIDADES CAP 3'!H41 -> 142.2 | H26: LUEGO DE QUE SE HIZO VERIFICACION EN CAMPO LA CANTIDAD A EJECUTAR FINALMENTE ES MAYOR
A27: =+A26+0.01 -> 3.03 | B27: Corte de muro para dilación entre la columna y los muros asociados a vanos de puertas y ventanas para fundida de machones | C27: m | D27: =14*3*2 -> 84 | E27: =+IF(D27>G27,D27-G27,0) -> 0 | F27: =+IF(D27>G27,0,G27-D27) -> 0 | G27: =+D27 -> 84
A28: =+A27+0.01 -> 3.04 | B28: Anclajes de refuerzo longitudinal en 3/8" de diametro, a vigas de cimentación existentes | C28: Und | D28: =14*4 -> 56 | E28: =+IF(D28>G28,D28-G28,0) -> 0 | F28: =+IF(D28>G28,0,G28-D28) -> 240 | G28: =+'[2]CANTIDADES CAP 3'!H70 -> 296 | H28: LUEGO DE QUE SE HIZO VERIFICACION EN CAMPO LA CANTIDAD A EJECUTAR FINALMENTE ES MAYOR
A29: =+A28+0.01 -> 3.05 | B29: Armado de acero de machones de refuerzo | C29: Kg | D29: =4*4*0.56*14+2*0.35*14 -> 135.24 | E29: =+IF(D29>G29,D29-G29,0) -> 0 | F29: =+IF(D29>G29,0,G29-D29) -> 173.68 | G29: =+'[2]CANTIDADES CAP 3'!H98 -> 308.92 | H29: LUEGO DE QUE SE HIZO VERIFICACION EN CAMPO LA CANTIDAD A EJECUTAR FINALMENTE ES MAYOR
A30: =+A29+0.01 -> 3.06 | B30: CONCRETO 3.000 PSI MACHONES ENTRE MURO | C30: m3 | D30: =14*4*0.1*0.2 -> 1.12 | E30: =+IF(D30>G30,D30-G30,0) -> 0 | F30: =+IF(D30>G30,0,G30-D30) -> 0.99 | G30: =+'[2]CANTIDADES CAP 3'!H126 -> 2.11 | H30: LUEGO DE QUE SE HIZO VERIFICACION EN CAMPO Y EL AUMENTO DE MACHONES LA CANTIDAD A EJECUTAR FINALMENTE ES MAYOR
A31: =+A30+0.01 -> 3.07 | B31: PAÑETE LINEAL 1:4 | C31: m | D31: =14*2*4 -> 112 | E31: =+IF(D31>G31,D31-G31,0) -> 0 | F31: =+IF(D31>G31,0,G31-D31) -> 99 | G31: =+'[2]CANTIDADES CAP 3'!H166 -> 211 | H31: LUEGO DE QUE SE HIZO VERIFICACION EN CAMPO LA CANTIDAD A EJECUTAR FINALMENTE ES MAYOR
A32: =+A31+0.01 -> 3.08 | B32: PINTURA VINILO MUROS (3 MANOS) | C32: m2 | D32: =142*4 -> 568 | E32: =+IF(D32>G32,D32-G32,0) -> 0 | F32: =+IF(D32>G32,0,G32-D32) -> 0 | G32: =+D32 -> 568
A33: =+A32+0.01 -> 3.09 | B33: ENCHAPE CERAMICA 30x40 EN FACHADA IGUAL O SIMILAR A LA RETIRADA | C33: m2 | D33: 18.4 | E33: =+IF(D33>G33,D33-G33,0) -> 0 | F33: =+IF(D33>G33,0,G33-D33) -> 0 | G33: =+D33 -> 18.4
A34: =+A33+0.01 -> 3.1 | B34: Reparación de fisuras en antepecho | C34: m | D34: 12 | E34: =+IF(D34>G34,D34-G34,0) -> 0 | F34: =+IF(D34>G34,0,G34-D34) -> 0 | G34: =+D34 -> 12
A35: =+A34+0.01 -> 3.11 | B35: Instalación de piso cerámica 57X57 o similar | C35: m2 | D35: 140 | E35: =+IF(D35>G35,D35-G35,0) -> 0 | F35: =+IF(D35>G35,0,G35-D35) -> 2.2 | G35: =+'[2]CANTIDADES CAP 3'!H207 -> 142.2 | H35: LUEGO DE QUE SE HIZO VERIFICACION EN CAMPO LA CANTIDAD A EJECUTAR FINALMENTE ES MAYOR
A36: =+A35+0.01 -> 3.12 | B36: Instalación de zócalo | C36: m | D36: =+D15 -> 142.04 | E36: =+IF(D36>G36,D36-G36,0) -> 21.92 | F36: =+IF(D36>G36,0,G36-D36) -> 0 | G36: =+'[2]CANTIDADES CAP 3'!H235 -> 120.12 | H36: LUEGO DE QUE SE HIZO VERIFICACION EN CAMPO LA CANTIDAD A EJECUTAR FINALMENTE ES MENOR
A37: =+A36+0.01 -> 3.13 | B37: CIELO RASO EN PANEL PVC | C37: m2 | D37: 140 | E37: =+IF(D37>G37,D37-G37,0) -> 0 | F37: =+IF(D37>G37,0,G37-D37) -> 9.6 | G37: =+'[2]CANTIDADES CAP 3'!H263 -> 149.6 | H37: LUEGO DE QUE SE HIZO VERIFICACION EN CAMPO LA CANTIDAD A EJECUTAR FINALMENTE ES MAYOR
A38: =+A37+0.01 -> 3.14 | B38: PINTURA KORAZA MUROS (2 MANOS) | C38: m2 | D38: =+(5.31+19.48+7.85+12.85)*4 -> 181.96 | E38: =+IF(D38>G38,D38-G38,0) -> 0 | F38: =+IF(D38>G38,0,G38-D38) -> 0 | G38: =+D38 -> 181.96
A39: =+A38+0.01 -> 3.15 | B39: Protector de ventanas | C39: m2 | D39: =4*0.7*3 -> 8.4 | E39: =+IF(D39>G39,D39-G39,0) -> 8.4 | F39: =+IF(D39>G39,0,G39-D39) -> 0 | G39: 0 | H39: LUEGO DE QUE SE HIZO VERIFICACION EN CAMPO LA CANTIDAD A EJECUTAR NO SE TENDRA EN CUENTA PARA EJECUTAR
A40: NP | B40: ITEMS NO PREVISTOS
A41: NP1 | B41: Cerramiento en tela verde H: 2.0M y todos los elementos necesarios para su correcta instalacion | C41: ml | E41: =+IF(D41>G41,D41-G41,0) -> 0 | F41: =+IF(D41>G41,0,G41-D41) -> 37 | G41: =+'[2]CANTIDADES NP'!H12 -> 37 | H41: SE HACE NECESARIO EL CERRAMIENTO DE LA OBRA PARA SALVAGUARDAR LA INTEGRIDAD DE LA DEPENDENCIA Y CUALQUIER PELIGRO A LAS PERSONAS COMUNES QUE NO HAGAN PARTE DEL PROYECTO
A42: NP2 | B42: Desmonte, acarreo, matenimiento y reinstalacion de vidrio de fachada y puerta. Incluye cambio de accesorios para sistema de fijacion y esmerilado | C42: m2 | E42: =+IF(D42>G42,D42-G42,0) -> 0 | F42: =+IF(D42>G42,0,G42-D42) -> 20.3 | G42: =+'[2]CANTIDADES NP'!H37 -> 20.3 | H42: SE HACE NECESARIO PARA SALVAGUARDAR LA INTEGRIDAD DE LOS VIDRIOS Y DE LAS PERSONAS QUE ESTAN LABORANDO POR TEMAS DE OBRA Y LA ENTIDAD OPTIMICE ESOS RECURSOS
A43: NP3 | B43: Desmonte, acarreo, matenimiento y reinstalacion de ventanas. | C43: m2 | E43: =+IF(D43>G43,D43-G43,0) -> 0 | F43: =+IF(D43>G43,0,G43-D43) -> 13.02 | G43: =+'[2]CANTIDADES NP'!H65 -> 13.02 | H43: SE HACE NECESARIO PARA SALVAGUARDAR LA INTEGRIDAD DE LAS VENTANAS Y DE LAS PERSONAS QUE ESTAN LABORANDO POR TEMAS DE OBRA Y LA ENTIDAD OPTIMICE ESOS RECURSOS
A44: NP4 | B44: Desmonte, acarreo, matenimiento y reinstalacion de puertas metálicas. Incluye cambio de cerradura y bisagras | C44: und | E44: =+IF(D44>G44,D44-G44,0) -> 0 | F44: =+IF(D44>G44,0,G44-D44) -> 3 | G44: =+'[2]CANTIDADES NP'!H94 -> 3 | H44: SE HACE NECESARIO PARA SALVAGUARDAR LA INTEGRIDAD DE LAS PUERTAS Y DE LAS PERSONAS QUE ESTAN LABORANDO POR TEMAS DE OBRA Y LA ENTIDAD OPTIMICE ESOS RECURSO
A45: NP5 | B45: Desmonte, mantenimiento y reinstalacion de orinal para baño. Incluye cambio de accesorios y griferia | C45: und | E45: =+IF(D45>G45,D45-G45,0) -> 0 | F45: =+IF(D45>G45,0,G45-D45) -> 1 | G45: =+'[2]CANTIDADES NP'!H122 -> 1 | H45: SE HACE NECESARIO PARA QUE SEA UTIL Y LAS PERSONAS QUE LABOREN TENGAN CONFORT AL MOMENTO DE USAR EL BAÑO
A46: NP6 | B46: Suministro y siembra de plantas ornamentales en jardinera. Incluye preparacion del terreno y abono | C46: und | E46: =+IF(D46>G46,D46-G46,0) -> 0 | F46: =+IF(D46>G46,0,G46-D46) -> 22 | G46: =+'[2]CANTIDADES NP'!H150 -> 22
A47: NP7 | B47: Salida e instalacion de interruptor doble 15 AMP. Incluye materiales e instalacion de salida electrica | C47: und | E47: =+IF(D47>G47,D47-G47,0) -> 0 | F47: =+IF(D47>G47,0,G47-D47) -> 3 | G47: =+'[2]CANTIDADES NP'!H178 -> 3 | H47: ACATANDO LAS RECOMENDACIONES Y SUGERENCIAS DEL INGENIERO ELECTRICO SUSCRITO A LA ENTIDAD, SE HACE NECESARIOEL CAMBIO DE ESTOS POR DETERIORO DE USO
A48: NP8 | B48: Salida e instalacion de interruptor sencillo 15 AMP. Incluye materiales e instalacion de salida electrica | C48: und | E48: =+IF(D48>G48,D48-G48,0) -> 0 | F48: =+IF(D48>G48,0,G48-D48) -> 9 | G48: =+'[2]CANTIDADES NP'!H206 -> 9 | H48: ACATANDO LAS RECOMENDACIONES Y SUGERENCIAS DEL INGENIERO ELECTRICO SUSCRITO A LA ENTIDAD, SE HACE NECESARIOEL CAMBIO DE ESTOS POR DETERIORO DE USO
A49: NP9 | B49: Salida e instalacion de interruptor triple 15 AMP. Incluye materiales e instalacion de salida electrica | C49: und | E49: =+IF(D49>G49,D49-G49,0) -> 0 | F49: =+IF(D49>G49,0,G49-D49) -> 1 | G49: =+'[2]CANTIDADES NP'!H235 -> 1 | H49: ACATANDO LAS RECOMENDACIONES Y SUGERENCIAS DEL INGENIERO ELECTRICO SUSCRITO A LA ENTIDAD, SE HACE NECESARIOEL CAMBIO DE ESTOS POR DETERIORO DE USO
A50: NP10 | B50: Salida e instalacion de tomacorriente doble 15 AMP. Incluye materiales e instalacion de salida electrica | C50: und | E50: =+IF(D50>G50,D50-G50,0) -> 0 | F50: =+IF(D50>G50,0,G50-D50) -> 15 | G50: =+'[2]CANTIDADES NP'!H263 -> 15 | H50: ACATANDO LAS RECOMENDACIONES Y SUGERENCIAS DEL INGENIERO ELECTRICO SUSCRITO A LA ENTIDAD, SE HACE NECESARIOEL CAMBIO DE ESTOS POR DETERIORO DE USO
A51: NP11 | B51: Salida e instalacion de tomacorriente doble regulado 15 AMP. Incluye materiales e instalacion de salida electrica | C51: und | E51: =+IF(D51>G51,D51-G51,0) -> 0 | F51: =+IF(D51>G51,0,G51-D51) -> 7 | G51: =+'[2]CANTIDADES NP'!H292 -> 7 | H51: ACATANDO LAS RECOMENDACIONES Y SUGERENCIAS DEL INGENIERO ELECTRICO SUSCRITO A LA ENTIDAD, SE HACE NECESARIOEL CAMBIO DE ESTOS POR DETERIORO DE USO
A52: NP12 | B52: Salida e instalacion de datos dobles. Incluye materiales e instalacion de salida electrica | C52: und | E52: =+IF(D52>G52,D52-G52,0) -> 0 | F52: =+IF(D52>G52,0,G52-D52) -> 5 | G52: =+'[2]CANTIDADES NP'!H319 -> 5 | H52: ACATANDO LAS RECOMENDACIONES Y SUGERENCIAS DEL INGENIERO ELECTRICO SUSCRITO A LA ENTIDAD, SE HACE NECESARIOEL CAMBIO DE ESTOS POR DETERIORO DE USO
A53: NP13 | B53: Suministro e instalacion de tomacorrientes doble GFCI. Incluye materiales e instalacion de salida electrica | C53: und | E53: =+IF(D53>G53,D53-G53,0) -> 0 | F53: =+IF(D53>G53,0,G53-D53) -> 5 | G53: =+'[2]CANTIDADES NP'!H347 -> 5 | H53: ACATANDO LAS RECOMENDACIONES Y SUGERENCIAS DEL INGENIERO ELECTRICO SUSCRITO A LA ENTIDAD, SE HACE NECESARIOEL CAMBIO DE ESTOS POR DETERIORO DE USO
A54: NP14 | B54: Suministro e instalacion de lamparas led de incrustar de 9W. Incluye desmonte, retiro de luminaria existente, disposicion final y materiales de instalacion de salida electrica | C54: und | E54: =+IF(D54>G54,D54-G54,0) -> 0 | F54: =+IF(D54>G54,0,G54-D54) -> 20 | G54: =+'[2]CANTIDADES NP'!H375 -> 20 | H54: ACATANDO LAS RECOMENDACIONES Y SUGERENCIAS DEL INGENIERO ELECTRICO SUSCRITO A LA ENTIDAD, SE HACE NECESARIOEL CAMBIO DE ESTOS POR DETERIORO DE USO
A55: NP15 | B55: Suministro e instalacion de panel led de 60x60. Incluye desmonte, retiro de luminaria existente, disposicion final y materiales de instalacion de salida electrica | C55: und | E55: =+IF(D55>G55,D55-G55,0) -> 0 | F55: =+IF(D55>G55,0,G55-D55) -> 8 | G55: =+'[2]CANTIDADES NP'!H404 -> 8 | H55: ACATANDO LAS RECOMENDACIONES Y SUGERENCIAS DEL INGENIERO ELECTRICO SUSCRITO A LA ENTIDAD, SE HACE NECESARIOEL CAMBIO DE ESTOS POR DETERIORO DE USO
A56: NP16 | B56: Suministro e instalacion de alero para aguas lluvias en lamina arquitectonica. Incluye estructura metalica y todos los elementos necesarios para su correcta instalacion | C56: und | E56: =+IF(D56>G56,D56-G56,0) -> 0 | F56: =+IF(D56>G56,0,G56-D56) -> 1 | G56: =+'[2]CANTIDADES NP'!H432 -> 1 | H56: ACATANDO LAS RECOMENDACAIONES DE LOS SUPERVISORES Y SALVAGUARDAR LA INFRAESTRUCTURA DE HUMEDADES Y DAÑOS PROXIMOS
A57: NP17 | B57: Vigas de confinamiento en concreto 3.000 PSI S=0,20x0,10 | C57: ml | E57: =+IF(D57>G57,D57-G57,0) -> 0 | F57: =+IF(D57>G57,0,G57-D57) -> 12.45 | G57: =+'[2]CANTIDADES NP'!H460 -> 12.45 | H57: ACATANDO LAS RECOMENDACAIONES DE LOS SUPERVISORES YPARA BRINDAR UN MEJOR REFORZAMIENTO ESTRUCTURAL A LA INFRAESTRUCTURA
A58: NP18 | B58: Pilotes en concreto de 3.000 psi D=30cm. Incluye excavacion | C58: ml | E58: =+IF(D58>G58,D58-G58,0) -> 0 | F58: =+IF(D58>G58,0,G58-D58) -> 14 | G58: =+'[2]CANTIDADES NP'!H488 -> 14 | H58: ACATANDO LAS RECOMENDACAIONES DE LOS SUPERVISORES YPARA BRINDAR UN MEJOR REFORZAMIENTO ESTRUCTURAL A LA INFRAESTRUCTURA
A59: NP19 | B59: Acero de refuerzo 60.000 psi para estructuras en concreto | C59: kg | E59: =+IF(D59>G59,D59-G59,0) -> 0 | F59: =+IF(D59>G59,0,G59-D59) -> 86.7 | G59: =+'[2]CANTIDADES NP'!H517 -> 86.7 | H59: ACATANDO LAS RECOMENDACAIONES DE LOS SUPERVISORES YPARA BRINDAR UN MEJOR REFORZAMIENTO ESTRUCTURAL A LA INFRAESTRUCTURA
A60: NP20 | B60: Levante de muro en bloque 0,10 | C60: m2 | E60: =+IF(D60>G60,D60-G60,0) -> 0 | F60: =+IF(D60>G60,0,G60-D60) -> 10.55 | G60: =+'[2]CANTIDADES NP'!H543 -> 10.55 | H60: ACATANDO LAS RECOMENDACAIONES DE LOS SUPERVISORES YPARA BRINDAR UN MEJOR REFORZAMIENTO ESTRUCTURAL A LA INFRAESTRUCTURA
A61: NP21 | B61: Demolicion de cimiento existente para fundida de concreto | C61: und | E61: =+IF(D61>G61,D61-G61,0) -> 0 | F61: =+IF(D61>G61,0,G61-D61) -> 7 | G61: =+'[2]CANTIDADES NP'!H585 -> 7 | H61: ACATANDO LAS RECOMENDACAIONES DE LOS SUPERVISORES YPARA BRINDAR UN MEJOR REFORZAMIENTO ESTRUCTURAL A LA INFRAESTRUCTURA
A62: NP22 | B62: Concreto de 3.000 psi para vigas de cimentacion. Incluy aditivo para su adherencia | C62: m3 | E62: =+IF(D62>G62,D62-G62,0) -> 0 | F62: =+IF(D62>G62,0,G62-D62) -> 0.43 | G62: =+'[2]CANTIDADES NP'!H610 -> 0.43 | H62: ACATANDO LAS RECOMENDACAIONES DE LOS SUPERVISORES Y PARA BRINDAR UN MEJOR REFORZAMIENTO ESTRUCTURAL A LA INFRAESTRUCTURA
A63: NP23 | B63: Desmonte , mantenimiento y reinstalacion de puertas de madera. Incluye cambio de cerradura | C63: und | E63: =+IF(D63>G63,D63-G63,0) -> 0 | F63: =+IF(D63>G63,0,G63-D63) -> 6 | G63: =+'[2]CANTIDADES NP'!H635 -> 6 | H63: SE HACE NECESARIO PARA SALVAGUARDAR LA INTEGRIDAD DE LAS PUERTAS Y EXTENDER SU VIDA UTIL PARA OPTIMIZAR RECURSOS A LA ENTIDAD
A64: NP24 | B64: Piso en granito fundido en sitio para rampa de acceso | C64: m2 | E64: =+IF(D64>G64,D64-G64,0) -> 0 | F64: =+IF(D64>G64,0,G64-D64) -> 17.6 | G64: =+'[2]CANTIDADES NP'!H660 -> 17.6 | H64: ACATANDO LAS RECOMENDACAIONES DE LOS SUPERVISORES Y PARA BRINDAR UN MEJOR REFORZAMIENTO ESTRUCTURAL A LA INFRAESTRUCTURA Y EL GRANITO TENGA MAS VIDA UTIL
A65: NP25 | B65: Enchape ceramica para piso de baños | C65: m2 | E65: =+IF(D65>G65,D65-G65,0) -> 0 | F65: =+IF(D65>G65,0,G65-D65) -> 7.65 | G65: =+'[2]CANTIDADES NP'!H685 -> 7.65
A66: NP26 | B66: Demolicion de rampa en granito | C66: m2 | E66: =+IF(D66>G66,D66-G66,0) -> 0 | F66: =+IF(D66>G66,0,G66-D66) -> 17.6 | G66: =+'[2]CANTIDADES NP'!H710 -> 17.6 | H66: ACATANDO LAS RECOMENDACAIONES DE LOS SUPERVISORES Y PARA BRINDAR UN MEJOR REFORZAMIENTO ESTRUCTURAL A LA INFRAESTRUCTURA Y EL GRANITO TENGA MAS VIDA UTIL
A67: NP27 | B67: Demolicion de muro en mamposteria 0,10 | C67: m2 | E67: =+IF(D67>G67,D67-G67,0) -> 0 | F67: =+IF(D67>G67,0,G67-D67) -> 31.65 | G67: =+'[2]CANTIDADES NP'!H735 -> 31.65 | H67: ACATANDO LAS RECOMENDACAIONES DE LOS SUPERVISORES Y PARA BRINDAR UN MEJOR REFORZAMIENTO ESTRUCTURAL A LA INFRAESTRUCTURA
A74: Firma: | D74: Firma:
A75: OSCAR MEJIA ESCOBAR | D75: RAMON LOPEZ CAMARGO
A76: RL. SAICO INGENIERIA S.A.S | D76: RL. SOLUCIONES R&S S.A.S
A77: CONTRATISTA DE OBRAS | D77: CONTRATISTA INTERVENTOR

Sheet BALANCE NRO 2
G1: ACTA DE MODIFICACION Nro. 2 | K1: FECHA: OCTUBRE 29 DE 2025
G4: ADECUACIONES LOCATIVAS Y REFORZAMIENTO ESTRUCTURAL A LA SEDE JUDICIAL DEL MUNICIPIO DE TOLUVIEJO SUCRE
A7: íTEM | B7: CONDICIONES ACTUALIZADAS SEGÚN ACTA DE MODIFICACION Nro. 1 | G7: CONDICIONES ACTUALIZADAS SEGÚN ACTA DE MODF 2
B8: DESCRIPCIÓN | C8: UND | D8: CANT | E8: VAL. UNITARIO | F8: VAL. PARCIAL | G8: CANTIDADES | I8: VALORES | K8: CANT FINAL | L8: VALOR FINAL
G9: MENOR (-) | H9: MAYOR (+) | I9: MENORES (-) | J9: MAYORES (+)
A11: 1 | B11: Obras preliminares y provisionales
A12: =+A11+0.01 -> 1.01 | B12: Desmonte de cielo raso en lámina en yeso cartón | C12: m2 | D12: 119.69 | E12: 12795 | F12: =+E12*D12 -> 1531433.6 | G12: =+IF(D12>K12,D12-K12,0) -> 0 | H12: =+IF(D12>K12,0,K12-D12) -> 0 | I12: =+G12*E12 -> 0 | J12: =+H12*E12 -> 0 | K12: =+D12 -> 119.69 | L12: =+K12*E12 -> 1531433.6
A13: =+A12+0.01 -> 1.02 | B13: Demolición de piso en porcelanato | C13: m2 | D13: 119.69 | E13: 8403 | F13: =+E13*D13 -> 1005755.1 | G13: =+IF(D13>K13,D13-K13,0) -> 0 | H13: =+IF(D13>K13,0,K13-D13) -> 0 | I13: =+G13*E13 -> 0 | J13: =+H13*E13 -> 0 | K13: =+D13 -> 119.69 | L13: =+K13*E13 -> 1005755.1
A14: =+A13+0.01 -> 1.03 | B14: Demolición de plantilla de piso | C14: m2 | D14: 122.93 | E14: 13981 | F14: =+E14*D14 -> 1718684.3 | G14: =+IF(D14>K14,D14-K14,0) -> 0 | H14: =+IF(D14>K14,0,K14-D14) -> 0 | I14: =+G14*E14 -> 0 | J14: =+H14*E14 -> 0 | K14: =+D14 -> 122.93 | L14: =+K14*E14 -> 1718684.3
A15: =+A14+0.01 -> 1.04 | B15: Demolición de zocalo en porcelanato | C15: m | D15: 151.07 | E15: 7673 | F15: =+E15*D15 -> 1159160.1 | G15: =+IF(D15>K15,D15-K15,0) -> 0 | H15: =+IF(D15>K15,0,K15-D15) -> 0 | I15: =+G15*E15 -> 0 | J15: =+H15*E15 -> 0 | K15: =+D15 -> 151.07 | L15: =+K15*E15 -> 1159160.1
A16: =+A15+0.01 -> 1.05 | B16: Demolición de enchape de fachada | C16: m2 | D16: 17.1 | E16: 14888 | F16: =+E16*D16 -> 254584.8 | G16: =+IF(D16>K16,D16-K16,0) -> 0 | H16: =+IF(D16>K16,0,K16-D16) -> 0 | I16: =+G16*E16 -> 0 | J16: =+H16*E16 -> 0 | K16: =+D16 -> 17.1 | L16: =+K16*E16 -> 254584.8
A17: =+A16+0.01 -> 1.06 | B17: Excavación de terreno e=30 cm | C17: m3 | D17: 0 | E17: 33613 | F17: =+E17*D17 -> 0 | G17: =+IF(D17>K17,D17-K17,0) -> 0 | H17: =+IF(D17>K17,0,K17-D17) -> 0 | I17: =+G17*E17 -> 0 | J17: =+H17*E17 -> 0 | K17: =+D17 -> 0 | L17: =+K17*E17 -> 0
A18: =+A17+0.01 -> 1.07 | B18: Demolición de plantilla perimetral acceso | C18: m2 | D18: 15.03 | E18: 15209 | F18: =+E18*D18 -> 228591.27 | G18: =+IF(D18>K18,D18-K18,0) -> 0 | H18: =+IF(D18>K18,0,K18-D18) -> 0 | I18: =+G18*E18 -> 0 | J18: =+H18*E18 -> 0 | K18: =+D18 -> 15.03 | L18: =+K18*E18 -> 228591.27
A19: =+A18+0.01 -> 1.08 | B19: RETIRO DE MATERIALES PROCEDENTES DE DEMOLICÍÓN (INCLUYE CARGUE, TRASIEGO Y DISPOSICIÓN EN BOTADERO OFICIAL) | C19: m3 | D19: 112.74 | E19: 26112 | F19: =+E19*D19 -> 2943866.9 | G19: =+IF(D19>K19,D19-K19,0) -> 0 | H19: =+IF(D19>K19,0,K19-D19) -> 0 | I19: =+G19*E19 -> 0 | J19: =+H19*E19 -> 0 | K19: =+D19 -> 112.74 | L19: =+K19*E19 -> 2943866.9
A20: 2 | B20: Impermeabilización cubierta y muros
A21: =+A20+0.01 -> 2.01 | B21: Demolición pañete | C21: m2 | D21: 2 | E21: 8238 | F21: =+E21*D21 -> 16476 | G21: =+IF(D21>K21,D21-K21,0) -> 0 | H21: =+IF(D21>K21,0,K21-D21) -> 0 | I21: =+G21*E21 -> 0 | J21: =+H21*E21 -> 0 | K21: =+D21 -> 2 | L21: =+K21*E21 -> 16476
A22: =+A21+0.01 -> 2.02 | B22: IMPERMEABILIZACIÓN INTEGRAL MORTERO | C22: m2 | D22: 64 | E22: 8975 | F22: =+E22*D22 -> 574400 | G22: =+IF(D22>K22,D22-K22,0) -> 0 | H22: =+IF(D22>K22,0,K22-D22) -> 0 | I22: =+G22*E22 -> 0 | J22: =+H22*E22 -> 0 | K22: =+D22 -> 64 | L22: =+K22*E22 -> 574400
A23: =+A22+0.01 -> 2.03 | B23: IMPERMEABILIZACION MANTO 500XT-FOIL ALUMINIO | C23: m2 | D23: 25 | E23: 44132 | F23: =+E23*D23 -> 1103300 | G23: =+IF(D23>K23,D23-K23,0) -> 0 | H23: =+IF(D23>K23,0,K23-D23) -> 0 | I23: =+G23*E23 -> 0 | J23: =+H23*E23 -> 0 | K23: =+D23 -> 25 | L23: =+K23*E23 -> 1103300
A24: 3 | B24: Suelos, pisos, estructura y muros
A25: =+A24+0.01 -> 3.01 | B25: Mejoramiento de suelo en suelo cemento, seleccionado y compactado | C25: m3 | D25: 0 | E25: 136082 | F25: =+E25*D25 -> 0 | G25: =+IF(D25>K25,D25-K25,0) -> 0 | H25: =+IF(D25>K25,0,K25-D25) -> 0 | I25: =+G25*E25 -> 0 | J25: =+H25*E25 -> 0 | K25: =+D25 -> 0 | L25: =+K25*E25 -> 0
A26: =+A25+0.01 -> 3.02 | B26: Fundida de plantilla de piso de espesor 8 cm de espesor en concreto de 3500psi, incluye refuerzo en malla electrosoldada de 6 mm de 15x15 cm | C26: m2 | D26: 128.36 | E26: 69714.769 | F26: =+E26*D26 -> 8948587.8 | G26: =+IF(D26>K26,D26-K26,0) -> 0 | H26: =+IF(D26>K26,0,K26-D26) -> 0 | I26: =+G26*E26 -> 0 | J26: =+H26*E26 -> 0 | K26: =+D26 -> 128.36 | L26: =+K26*E26 -> 8948587.8
A27: =+A26+0.01 -> 3.03 | B27: Corte de muro para dilación entre la columna y los muros asociados a vanos de puertas y ventanas para fundida de machones | C27: m | D27: 102 | E27: 26421 | F27: =+E27*D27 -> 2694942 | G27: =+IF(D27>K27,D27-K27,0) -> 0 | H27: =+IF(D27>K27,0,K27-D27) -> 0 | I27: =+G27*E27 -> 0 | J27: =+H27*E27 -> 0 | K27: =+D27 -> 102 | L27: =+K27*E27 -> 2694942
A28: =+A27+0.01 -> 3.04 | B28: Anclajes de refuerzo longitudinal en 3/8" de diametro, a vigas de cimentación existentes | C28: Und | D28: 196 | E28: 16445 | F28: =+E28*D28 -> 3223220 | G28: =+IF(D28>K28,D28-K28,0) -> 0 | H28: =+IF(D28>K28,0,K28-D28) -> 0 | I28: =+G28*E28 -> 0 | J28: =+H28*E28 -> 0 | K28: =+D28 -> 196 | L28: =+K28*E28 -> 3223220
A29: =+A28+0.01 -> 3.05 | B29: Armado de acero de machones de refuerzo | C29: Kg | D29: 307.39 | E29: 11191.48 | F29: =+E29*D29 -> 3440149 | G29: =+IF(D29>K29,D29-K29,0) -> 0 | H29: =+IF(D29>K29,0,K29-D29) -> 0 | I29: =+G29*E29 -> 0 | J29: =+H29*E29 -> 0 | K29: =+D29 -> 307.39 | L29: =+K29*E29 -> 3440149
A30: =+A29+0.01 -> 3.06 | B30: CONCRETO 3.000 PSI MACHONES ENTRE MURO | C30: m3 | D30: 2.11 | E30: 1055343.5 | F30: =+E30*D30 -> 2226774.8 | G30: =+IF(D30>K30,D30-K30,0) -> 0 | H30: =+IF(D30>K30,0,K30-D30) -> 0 | I30: =+G30*E30 -> 0 | J30: =+H30*E30 -> 0 | K30: =+D30 -> 2.11 | L30: =+K30*E30 -> 2226774.8
A31: =+A30+0.01 -> 3.07 | B31: PAÑETE LINEAL 1:4 | C31: m | D31: 153.44 | E31: 20254 | F31: =+E31*D31 -> 3107773.8 | G31: =+IF(D31>K31,D31-K31,0) -> 0 | H31: =+IF(D31>K31,0,K31-D31) -> 0 | I31: =+G31*E31 -> 0 | J31: =+H31*E31 -> 0 | K31: =+D31 -> 153.44 | L31: =+K31*E31 -> 3107773.8
A32: =+A31+0.01 -> 3.08 | B32: PINTURA VINILO MUROS (3 MANOS) | C32: m2 | D32: 0 | E32: 15009.768 | F32: =+E32*D32 -> 0 | G32: =+IF(D32>K32,D32-K32,0) -> 0 | H32: =+IF(D32>K32,0,K32-D32) -> 0 | I32: =+G32*E32 -> 0 | J32: =+H32*E32 -> 0 | K32: =+D32 -> 0 | L32: =+K32*E32 -> 0
A33: =+A32+0.01 -> 3.09 | B33: ENCHAPE CERAMICA 30x40 EN FACHADA IGUAL O SIMILAR A LA RETIRADA | C33: m2 | D33: 17.1 | E33: 69772.4 | F33: =+E33*D33 -> 1193108 | G33: =+IF(D33>K33,D33-K33,0) -> 0 | H33: =+IF(D33>K33,0,K33-D33) -> 0 | I33: =+G33*E33 -> 0 | J33: =+H33*E33 -> 0 | K33: =+D33 -> 17.1 | L33: =+K33*E33 -> 1193108
A34: =+A33+0.01 -> 3.1 | B34: Reparación de fisuras en antepecho | C34: m | D34: 12 | E34: 107504 | F34: =+E34*D34 -> 1290048 | G34: =+IF(D34>K34,D34-K34,0) -> 0 | H34: =+IF(D34>K34,0,K34-D34) -> 0 | I34: =+G34*E34 -> 0 | J34: =+H34*E34 -> 0 | K34: =+D34 -> 12 | L34: =+K34*E34 -> 1290048
A35: =+A34+0.01 -> 3.11 | B35: Instalación de piso cerámica 57X57 o similar | C35: m2 | D35: 120.71 | E35: 69141.954 | F35: =+E35*D35 -> 8346125.3 | G35: =+IF(D35>K35,D35-K35,0) -> 120.71 | H35: =+IF(D35>K35,0,K35-D35) -> 0 | I35: =+G35*E35 -> 8346125.3 | J35: =+H35*E35 -> 0 | K35: 0 | L35: =+K35*E35 -> 0
A36: =+A35+0.01 -> 3.12 | B36: Instalación de zócalo | C36: m | D36: 151.07 | E36: 20429.267 | F36: =+E36*D36 -> 3086249.3 | G36: =+IF(D36>K36,D36-K36,0) -> 151.07 | H36: =+IF(D36>K36,0,K36-D36) -> 0 | I36: =+G36*E36 -> 3086249.3 | J36: =+H36*E36 -> 0 | K36: 0 | L36: =+K36*E36 -> 0
A37: =+A36+0.01 -> 3.13 | B37: CIELO RASO EN PANEL PVC | C37: m2 | D37: 0 | E37: 63953 | F37: =+E37*D37 -> 0 | G37: =+IF(D37>K37,D37-K37,0) -> 0 | H37: =+IF(D37>K37,0,K37-D37) -> 0 | I37: =+G37*E37 -> 0 | J37: =+H37*E37 -> 0 | K37: =+D37 -> 0 | L37: =+K37*E37 -> 0
A38: =+A37+0.01 -> 3.14 | B38: PINTURA KORAZA MUROS (2 MANOS) | C38: m2 | D38: 0 | E38: 18686.68 | F38: =+E38*D38 -> 0 | G38: =+IF(D38>K38,D38-K38,0) -> 0 | H38: =+IF(D38>K38,0,K38-D38) -> 0 | I38: =+G38*E38 -> 0 | J38: =+H38*E38 -> 0 | K38: =+D38 -> 0 | L38: =+K38*E38 -> 0
A39: =+A38+0.01 -> 3.15 | B39: Protector de ventanas | C39: m2 | D39: 12 | E39: 199751.8 | F39: =+E39*D39 -> 2397021.6 | G39: =+IF(D39>K39,D39-K39,0) -> 12 | H39: =+IF(D39>K39,0,K39-D39) -> 0 | I39: =+G39*E39 -> 2397021.6 | J39: =+H39*E39 -> 0 | K39: 0 | L39: =+K39*E39 -> 0
A40: NP | B40: ITEMS NO PREVISTOS
A41: NP1 | B41: Desmonte de luminarias existentes | C41: und | D41: 28 | E41: 15857 | F41: =+E41*D41 -> 443996 | G41: =+IF(D41>K41,D41-K41,0) -> 0 | H41: =+IF(D41>K41,0,K41-D41) -> 0 | I41: =+G41*E41 -> 0 | J41: =+H41*E41 -> 0 | K41: 28 | L41: =+E41*K41 -> 443996
A42: NP2 | B42: Desmonte, acarreo, matenimiento y reinstalacion de vidrio de fachada y puerta. Incluye cambio de accesorios para sistema de fijacion y esmerilado | C42: m2 | D42: 20.3 | E42: 143283.86 | F42: =+E42*D42 -> 2908662.4 | G42: =+IF(D42>K42,D42-K42,0) -> 0 | H42: =+IF(D42>K42,0,K42-D42) -> 0 | I42: =+G42*E42 -> 0 | J42: =+H42*E42 -> 0 | K42: 20.3 | L42: =+E42*K42 -> 2908662.4
A43: NP3 | B43: Desmonte, acarreo, matenimiento y reinstalacion de ventanas. | C43: m2 | D43: 17.9 | E43: 62515 | F43: =+E43*D43 -> 1119018.5 | G43: =+IF(D43>K43,D43-K43,0) -> 0 | H43: =+IF(D43>K43,0,K43-D43) -> 0 | I43: =+G43*E43 -> 0 | J43: =+H43*E43 -> 0 | K43: 17.9 | L43: =+E43*K43 -> 1119018.5
A44: NP4 | B44: Desmonte, acarreo, matenimiento y reinstalacion de puertas metálicas. Incluye cambio de cerradura y bisagras | C44: und | D44: 3 | E44: 98265 | F44: =+E44*D44 -> 294795 | G44: =+IF(D44>K44,D44-K44,0) -> 0 | H44: =+IF(D44>K44,0,K44-D44) -> 0 | I44: =+G44*E44 -> 0 | J44: =+H44*E44 -> 0 | K44: 3 | L44: =+E44*K44 -> 294795
A45: NP5 | B45: Desmonte, mantenimiento y reinstalacion de orinal para baño. Incluye cambio de accesorios y griferia | C45: und | D45: 1 | E45: 364398 | F45: =+E45*D45 -> 364398 | G45: =+IF(D45>K45,D45-K45,0) -> 0 | H45: =+IF(D45>K45,0,K45-D45) -> 0 | I45: =+G45*E45 -> 0 | J45: =+H45*E45 -> 0 | K45: 1 | L45: =+E45*K45 -> 364398
A46: NP6 | B46: Suministro e instalación de tubo PVC de 1/2". Esto incluye soldadura PVC, curvas, Terminales y demás accesorios para su correcta instalación | C46: m | D46: 161 | E46: 9668 | F46: =+E46*D46 -> 1556548 | G46: =+IF(D46>K46,D46-K46,0) -> 0 | H46: =+IF(D46>K46,0,K46-D46) -> 0 | I46: =+G46*E46 -> 0 | J46: =+H46*E46 -> 0 | K46: 161 | L46: =+E46*K46 -> 1556548
A47: NP7 | B47: Suministro e instalación de tubo PVC SCH 40 de 1/2". Esto incluye soldadura PVC, curvas, Terminales y demás accesorios para su correcta instalación | C47: m | D47: 245 | E47: 12275.25 | F47: =+E47*D47 -> 3007436.2 | G47: =+IF(D47>K47,D47-K47,0) -> 0 | H47: =+IF(D47>K47,0,K47-D47) -> 0 | I47: =+G47*E47 -> 0 | J47: =+H47*E47 -> 0 | K47: 245 | L47: =+E47*K47 -> 3007436.2
A48: NP8 | B48: Suministro e instalación de tubo PVC de 3/4". Esto incluye soldadura PVC, curvas, Terminales y demás accesorios para su correcta instalación | C48: m | D48: 9 | E48: 11762 | F48: =+E48*D48 -> 105858 | G48: =+IF(D48>K48,D48-K48,0) -> 0 | H48: =+IF(D48>K48,0,K48-D48) -> 0 | I48: =+G48*E48 -> 0 | J48: =+H48*E48 -> 0 | K48: 9 | L48: =+E48*K48 -> 105858
A49: NP9 | B49: Suministro e instalación de tubo PVC de 1". Esto incluye soldadura PVC, curvas, Terminales y demás accesorios para su correcta instalación | C49: m | D49: 15 | E49: 13933 | F49: =+E49*D49 -> 208995 | G49: =+IF(D49>K49,D49-K49,0) -> 0 | H49: =+IF(D49>K49,0,K49-D49) -> 0 | I49: =+G49*E49 -> 0 | J49: =+H49*E49 -> 0 | K49: 15 | L49: =+E49*K49 -> 208995
A50: NP10 | B50: Suministro e instalación de Registro de piso. Debe incluir el marco y el acabado. | C50: und | D50: 4 | E50: 257518 | F50: =+E50*D50 -> 1030072 | G50: =+IF(D50>K50,D50-K50,0) -> 0 | H50: =+IF(D50>K50,0,K50-D50) -> 0 | I50: =+G50*E50 -> 0 | J50: =+H50*E50 -> 0 | K50: 4 | L50: =+E50*K50 -> 1030072
A51: NP11 | B51: Vigas de confinamiento en concreto 3.000 PSI S=0,20x0,10 | C51: ml | D51: 37.3 | E51: 60198 | F51: =+E51*D51 -> 2245385.4 | G51: =+IF(D51>K51,D51-K51,0) -> 0 | H51: =+IF(D51>K51,0,K51-D51) -> 0 | I51: =+G51*E51 -> 0 | J51: =+H51*E51 -> 0 | K51: 37.3 | L51: =+E51*K51 -> 2245385.4
A52: NP12 | B52: Nucleos de cal hidratada de D=15cm | C52: ml | D52: 180 | E52: 80709 | F52: =+E52*D52 -> 14527620 | G52: =+IF(D52>K52,D52-K52,0) -> 0 | H52: =+IF(D52>K52,0,K52-D52) -> 0 | I52: =+G52*E52 -> 0 | J52: =+H52*E52 -> 0 | K52: 180 | L52: =+E52*K52 -> 14527620
... A58: NP18 | B58: Suministro e instalacion de relleno con material seleccionado compactado | C58: m3 | D58: 83.44 | E58: 143020 | F58: =+E58*D58 -> 11933589 | G58: =+IF(D58>K58,D58-K58,0) -> 0 | H58: =+IF(D58>K58,0,K58-D58) -> 0 | I58: =+G58*E58 -> 0 | J58: =+H58*E58 -> 0 | K58: 83.44 | L58: =+E58*K58 -> 11933589
A59: NP19 | B59: Demolicion de enchape de piso para baños | C59: m2 | D59: 7.65 | E59: 7502 | F59: =+E59*D59 -> 57390.3 | G59: =+IF(D59>K59,D59-K59,0) -> 0 | H59: =+IF(D59>K59,0,K59-D59) -> 0 | I59: =+G59*E59 -> 0 | J59: =+H59*E59 -> 0 | K59: 7.65 | L59: =+E59*K59 -> 57390.3 | M59: INP | N59: ITEMS NUEVOS E ITEMS NO PREVISTOS | O59: UND | Q59: JUSTIFICACIÓN TÉCNICA
A60: NP20 | B60: Excavacion en material comun | C60: m3 | D60: 64.18 | E60: 45012 | F60: =+E60*D60 -> 2888870.2 | G60: =+IF(D60>K60,D60-K60,0) -> 0 | H60: =+IF(D60>K60,0,K60-D60) -> 0 | I60: =+G60*E60 -> 0 | J60: =+H60*E60 -> 0 | K60: 64.18 | L60: =+E60*K60 -> 2888870.2 | P60: VALOR UNITARIO
A61: NP21 | B61: Demolicion de muro en mamposteria 0,15 | C61: m2 | D61: 39.45 | E61: 22506 | F61: =+E61*D61 -> 887861.7 | G61: =+IF(D61>K61,D61-K61,0) -> 0 | H61: =+IF(D61>K61,0,K61-D61) -> 0 | I61: =+G61*E61 -> 0 | J61: =+H61*E61 -> 0 | K61: 39.45 | L61: =+E61*K61 -> 887861.7 | M61: NP2.2 | N61: Suministro e instalación salida en piso con tapa, prensaestopas de 3/4" en caja de aluminio inyectado de 10 x 10 doble fondo salidas para tubo de 1". | O61: und | P61: 35387.846 | Q61: Esta actividad no se encuentra prevista dentro del presupuesto original del contrato y resulta necesaria para garantizar la adecuada conexión, seguridad y accesibilidad del sistema eléctrico en puntos de piso. El uso de cajas de aluminio inyectado de doble fondo proporciona mayor resistencia mecánica y protección contra la humedad y corrosión, especialmente en áreas de alto tránsito o donde se requiera acabado estético y durabilidad. El elemento prensaestopas asegura el sellado hermético y la sujeción del cableado, evitando deterioro por esfuerzos mecánicos o entrada de polvo y líquidos, cumpliendo con las normas RETIE y NTC 2050. Su incorporación garantiza la seguridad eléctrica, el cumplimiento normativo y la funcionalidad de las instalaciones.
A62: NP22 | B62: Levante de muro en bloque 0,15 | C62: m2 | D62: 39.45 | E62: 92854 | F62: =+E62*D62 -> 3663090.3 | G62: =+IF(D62>K62,D62-K62,0) -> 0 | H62: =+IF(D62>K62,0,K62-D62) -> 0 | I62: =+G62*E62 -> 0 | J62: =+H62*E62 -> 0 | K62: 39.45 | L62: =+E62*K62 -> 3663090.3 | M62: NP2.3 | N62: Suministro e instalacion de cajas en pvc de 4x4 | O62: und | P62: 10682 | Q62: Este ítem corresponde a la adecuación de la infraestructura eléctrica requerida para ampliaciones o redistribución de circuitos que no estaban previstas en el diseño inicial. Las cajas de PVC de 4x4 pulgadas se utilizan para alojar conexiones y dispositivos eléctricos (interruptores, tomacorrientes, derivaciones), y su instalación garantiza la protección del cableado frente a humedad y agentes externos. El material PVC ofrece aislamiento dieléctrico, resistencia a la corrosión y facilidad de instalación, optimizando la seguridad y el mantenimiento del sistema eléctrico. Su inclusión es indispensable para la correcta canalización y cumplimiento de las normas RETIE, evitando sobrecargas y garantizando un montaje seguro y ordenado.
A63: NP2 | B63: ITEMS NO PREVISTOS 2 | M63: NP2.4 | N63: Suministro e instalación de protectores para ventanas en acero inoxidable | O63: m2 | P63: 389620 | Q63: En el contrato original se contempla un ítem denominado “protector de ventanas”; sin embargo, el precio unitario existente fue establecido para protectores en material convencional (hierro o acero al carbón), el cual no cumple con las exigencias estéticas ni de durabilidad requeridas en el proyecto actual. El uso de acero inoxidable es necesario para proporcionar un acabado arquitectónicamente armónico con la edificación, evitando la oxidación y el deterioro por exposición ambiental. Este material garantiza mayor resistencia, fácil mantenimiento y conservación del aspecto estético a largo plazo. La modificación del material se justifica en la necesidad de mantener la uniformidad visual y la calidad arquitectónica del diseño final, sin alterar las condiciones estructurales ni funcionales del elemento.
A64: NP2.1 | B64: Pañete en mortero 1:4 | C64: m2 | E64: =+'NP2.1'!M43 -> 34860 | G64: =+IF(D64>K64,D64-K64,0) -> 0 | H64: =+IF(D64>K64,0,K64-D64) -> 230.22 | I64: =+G64*E64 -> 0 | J64: =+H64*E64 -> 8025469.2 | K64: =+'CANTIDADES NP2'!H12 -> 230.22 | L64: =+E64*K64 -> 8025469.2
A65: NP2.2 | B65: Suministro e instalación salida en piso con tapa, prensaestopas de 3/4" en caja de aluminio inyectado de 10 x 10 doble fondo salidas para tubo de 1". | C65: und | E65: =+'NP2.2'!M43 -> 35387.846 | G65: =+IF(D65>K65,D65-K65,0) -> 0 | H65: =+IF(D65>K65,0,K65-D65) -> 4 | I65: =+G65*E65 -> 0 | J65: =+H65*E65 -> 141551.38 | K65: =+'CANTIDADES NP2'!H37 -> 4 | L65: =+E65*K65 -> 141551.38
A66: NP2.3 | B66: Suministro e instalacion de cajas en pvc de 4x4 | C66: und | E66: =+'NP2.3'!M43 -> 10682 | G66: =+IF(D66>K66,D66-K66,0) -> 0 | H66: =+IF(D66>K66,0,K66-D66) -> 53 | I66: =+G66*E66 -> 0 | J66: =+H66*E66 -> 566146 | K66: =+'CANTIDADES NP2'!H62 -> 53 | L66: =+E66*K66 -> 566146
A67: NP2.4 | B67: Suministro e instalación de protectores para ventanas en acero inoxidable | C67: m2 | E67: =+'NP2.4'!M42 -> 389620 | G67: =+IF(D67>K67,D67-K67,0) -> 0 | H67: =+IF(D67>K67,0,K67-D67) -> 13.08 | I67: =+G67*E67 -> 0 | J67: =+H67*E67 -> 5096229.6 | K67: =+'CANTIDADES NP2'!H90 -> 13.08 | L67: =+E67*K67 -> 5096229.6
A69: A | B69: TOTAL COSTO DIRECTO | F69: =+SUM(F12:F62) -> 1.0713099e+08 | I69: =+SUM(I12:I54) -> 13829396 | J69: =+SUM(J12:J68) -> 13829396 | L69: =+SUM(L12:L68) -> 1.0713099e+08
A70: B | B70: ADMINISTRACIÓN | E70: 0.295 | F70: =+E70*F69 -> 31603642 | I70: =+E70*I69 -> 4079671.9 | J70: =+E70*J69 -> 4079671.9 | L70: =+E70*L69 -> 31603642
A71: C | B71: IMPREVISTOS | E71: 0.02 | F71: =+E71*F69 -> 2142619.8 | I71: =+E71*I69 -> 276587.92 | J71: =+E71*J69 -> 276587.92 | L71: =+E71*L69 -> 2142619.8
A72: D | B72: UTILIDAD | E72: 0.035 | F72: =+E72*F69 -> 3749584.6 | I72: =+E72*I69 -> 484028.87 | J72: =+E72*J69 -> 484028.87 | L72: =+E72*L69 -> 3749584.6
A73: E | B73: IVA SOBRE LA UTILIDAD | E73: 0.19 | F73: =+E73*F72 -> 712421.08 | I73: =+E73*I72 -> 91965.485 | J73: =+E73*J72 -> 91965.485 | L73: =+E73*L72 -> 712421.08
A74: A+B+C+D+E | B74: TOTAL OFERTA ECONOMICA | F74: =+F73+F72+F71+F70+F69 -> 1.4533926e+08 | I74: =+I73+I72+I71+I70+I69 -> 18761650 | J74: =+J73+J72+J71+J70+J69 -> 18761650 | L74: =+L73+L72+L71+L70+L69 -> 1.4533926e+08
A80: Firma: | E80: Firma:
A81: OSCAR MEJIA ESCOBAR | E81: RAMON LOPEZ CAMARGO
A82: RL. SAICO INGENIERIA S.A.S | E82: RL. SOLUCIONES R&S S.A.S
A83: CONTRATISTA DE OBRAS | E83: CONTRATISTA INTERVENTOR

Sheet CANTIDADES NP2
B1: PROYECTO: | C1: =+'BALANCE NRO 2'!$G$4 -> ADECUACIONES LOCATIVAS Y REFORZAMIENTO ESTRUCTURAL A LA SEDE JUDICIAL DEL MUNICIPIO DE TOLUVIEJO SUCRE
B2: CONTRATISTA: | C2: SAICO INGENIERIA SAS. RL. OSCAR MEJIA ESCOBAR
B3: INTERVENTOR: | C3: SOLUCIONES R&S SAS. RL. RAMON LOPEZ CAMARGO
B5: MEMORÍA DE CANTIDADES PARA ACTA DE MODIFICACIONES Nro. 1
B7: CAPÍTULO: | C7: NP2 | D7: =+'BALANCE NRO 2'!B63 -> ITEMS NO PREVISTOS 2
B9: ITEM: | C9: =+'BALANCE NRO 2'!A64 -> NP2.1 | D9: =+'BALANCE NRO 2'!B64 -> Pañete en mortero 1:4 | E9: #REF! | F9: #REF! | G9: #REF! | H9: #REF!
B10: UNIDAD: | C10: =+'BALANCE NRO 2'!C64 -> m2 | D10: #REF! | E10: #REF! | F10: #REF! | G10: #REF! | H10: #REF!
B11: Elementos/Ubicación | C11: Dimensiones | G11: Area (m2) | H11: TOTAL
C12: Cantidad | D12: Largo (m) | E12: Ancho (m) | F12: Altura (m) | H12: =ROUNDUP(SUM(H13:H16),2) -> 230.22
B13: LEVANTE MUROS 0,10 | C13: 2 | G13: 75.66 | H13: =+G13*C13 -> 151.32
B14: LEVANTE MUROS 0,15 | C14: 2 | G14: 39.45 | H14: =+G14*C14 -> 78.9
B17: Detalle:
B18: CONTRATISTA | E18: INTERVENTOR
B22: Firma: | E22: Firma:
B23: OSCAR MEJIA ESCOBAR | E23: RAMON LOPEZ CAMARGO
B24: RL. SAICO INGENIERIA S.A.S | E24: RL. SOLUCIONES R&S S.A.S
B26: PROYECTO: | C26: =+'BALANCE NRO 2'!$G$4 -> ADECUACIONES LOCATIVAS Y REFORZAMIENTO ESTRUCTURAL A LA SEDE JUDICIAL DEL MUNICIPIO DE TOLUVIEJO SUCRE
B27: CONTRATISTA: | C27: SAICO INGENIERIA SAS. RL. OSCAR MEJIA ESCOBAR
B28: INTERVENTOR: | C28: SOLUCIONES R&S SAS. RL. RAMON LOPEZ CAMARGO
B30: MEMORÍA DE CANTIDADES PARA ACTA DE MODIFICACIONES Nro. 1
B32: CAPÍTULO: | C32: NP2 | D32: =+'BALANCE NRO 2'!B88 -> 0
B34: ITEM: | C34: =+'BALANCE NRO 2'!A65 -> NP2.2 | D34: =+'BALANCE NRO 2'!B65 -> Suministro e instalación salida en piso con tapa, prensaestopas de 3/4" en caja de aluminio inyectado de 10 x 10 doble fondo salidas para tubo de 1". | E34: #REF! | F34: #REF! | G34: #REF! | H34: #REF!
B35: UNIDAD: | C35: =+'BALANCE NRO 2'!C65 -> und | D35: #REF! | E35: #REF! | F35: #REF! | G35: #REF! | H35: #REF!
B36: Elementos/Ubicación | C36: Dimensiones | G36: % Expansión | H36: TOTAL
C37: Cantidad | D37: Largo (m) | E37: Ancho (m) | F37: Altura (m) | H37: =ROUNDUP(SUM(H38:H41),2) -> 4
B38: PISO SALA DE AUDICIENDIA | C38: 4 | H38: =+C38 -> 4
B42: Detalle:
B43: CONTRATISTA | E43: INTERVENTOR
B47: Firma: | E47: Firma:
B48: OSCAR MEJIA ESCOBAR | E48: RAMON LOPEZ CAMARGO
B49: RL. SAICO INGENIERIA S.A.S | E49: RL. SOLUCIONES R&S S.A.S
B51: PROYECTO: | C51: =+'BALANCE NRO 2'!$G$4 -> ADECUACIONES LOCATIVAS Y REFORZAMIENTO ESTRUCTURAL A LA SEDE JUDICIAL DEL MUNICIPIO DE TOLUVIEJO SUCRE
B52: CONTRATISTA: | C52: SAICO INGENIERIA SAS. RL. OSCAR MEJIA ESCOBAR
B53: INTERVENTOR: | C53: SOLUCIONES R&S SAS. RL. RAMON LOPEZ CAMARGO
B55: MEMORÍA DE CANTIDADES PARA ACTA DE MODIFICACIONES Nro. 1
B57: CAPÍTULO: | C57: NP2 | D57: =+'BALANCE NRO 2'!B63 -> ITEMS NO PREVISTOS 2
B59: ITEM: | C59: =+'BALANCE NRO 2'!A66 -> NP2.3 | D59: =+'BALANCE NRO 2'!B66 -> Suministro e instalacion de cajas en pvc de 4x4
B60: UNIDAD: | C60: =+'BALANCE NRO 2'!C66 -> und
B61: Elementos/Ubicación | C61: Dimensiones | G61: % Expansión | H61: TOTAL
C62: Cantidad | D62: Largo (m) | E62: Ancho (m) | F62: Altura (m) | H62: =ROUNDUP(SUM(H63:H69),2) -> 53
B63: MUROS | C63: 18 | H63: =+C63 -> 18
B64: CIELO RASO | C64: 35 | H64: =+C64 -> 35
B70: Detalle:
B71: CONTRATISTA | E71: INTERVENTOR
B75: Firma: | E75: Firma:
B76: OSCAR MEJIA ESCOBAR | E76: RAMON LOPEZ CAMARGO
B77: RL. SAICO INGENIERIA S.A.S | E77: RL. SOLUCIONES R&S S.A.S
B79: PROYECTO: | C79: =+'BALANCE NRO 2'!$G$4 -> ADECUACIONES LOCATIVAS Y REFORZAMIENTO ESTRUCTURAL A LA SEDE JUDICIAL DEL MUNICIPIO DE TOLUVIEJO SUCRE
B80: CONTRATISTA: | C80: SAICO INGENIERIA SAS. RL. OSCAR MEJIA ESCOBAR
B81: INTERVENTOR: | C81: SOLUCIONES R&S SAS. RL. RAMON LOPEZ CAMARGO
B83: MEMORÍA DE CANTIDADES PARA ACTA DE MODIFICACIONES Nro. 1
B85: CAPÍTULO: | C85: NP2 | D85: =+'BALANCE NRO 2'!B67 -> Suministro e instalación de protectores para ventanas en acero inoxidable
B87: ITEM: | C87: =+'BALANCE NRO 2'!A66 -> NP2.3 | D87: =+'BALANCE NRO 2'!B67 -> Suministro e instalación de protectores para ventanas en acero inoxidable
B88: UNIDAD: | C88: =+'BALANCE NRO 2'!C66 -> und
B89: Elementos/Ubicación | C89: Dimensiones | G89: % Expansión | H89: TOTAL
C90: Cantidad | D90: Largo (m) | E90: Ancho (m) | F90: Altura (m) | H90: 13.08
B91: CALLE PPAL | C91: 1 | E91: 2.84 | F91: 0.65 | H91: =+C91*E91*F91 -> 1.846
B92: CRA 6A | C92: 2 | E92: 4.34 | F92: 1.14 | H92: =+C92*E92*F92 -> 9.8952
B93: CRA 6A | C93: 1 | E93: 2.05 | F93: 0.65 | H93: =+C93*E93*F93 -> 1.3325
B97: Detalle:
B98: CONTRATISTA | E98: INTERVENTOR
B102: Firma: | E102: Firma:
B103: OSCAR MEJIA ESCOBAR | E103: RAMON LOPEZ CAMARGO
B104: RL. SAICO INGENIERIA S.A.S | E104: RL. SOLUCIONES R&S S.A.S

Sheet NP2.1
A1: Consejo Superior de la Judicatura Dirección Seccional de Administración Judicial Sincelejo – Sucre
A2: =+[3]NP36!A3 -> ADECUACIONES LOCATIVAS Y REFORZAMIENTO ESTRUCTURAL A LA SEDE JUDICIAL DEL MUNICIPIO DE TOLUVIEJO SUCRE
A3: ANALISIS DE PRECIOS UNITARIOS
A5: DATOS ESPECÍFICOS
A7: ITEM | B7: DESCRIPCIÓN | K7: UNIDAD | M7: CANTIDAD
A8: =+'BALANCE NRO 2'!A64 -> NP2.1 | B8: =+'BALANCE NRO 2'!B64 -> Pañete en mortero 1:4 | K8: =+'BALANCE NRO 2'!C64 -> m2 | M8: =+'BALANCE NRO 2'!K64 -> 230.22
A9: I. EQUIPO
A12: DESCRIPCIÓN | F12: MARCA | H12: TIPO | J12: TARIFA/DIA | K12: RENDIMIENTO | M12: Vr. UNITARIO
A13: HERRAMAMIENTAS MENORES 10% M.O | M13: =ROUND(0.1*M39,0) -> 1574
A14: CUERPO ANDAMIO | J14: 1856 | K14: 3 | M14: =+J14*K14 -> 5568
A15: TABLÓN | J15: 1560 | K15: 3 | M15: =+J15*K15 -> 4680
A17: SUBTOTAL $ | M17: =+SUM(M13:M16) -> 11822
A18: II. MATERIALES
A21: DESCRIPCIÓN | I21: UNIDAD | J21: CANTIDAD | K21: PRECIO UNIT. | M21: Vr. UNITARIO
A22: mortero 1:4 | I22: m3 | J22: 0.02 | K22: 365000 | M22: =+J22*K22 -> 7300
A26: SUBTOTAL $ | M26: =+SUM(M22:M25) -> 7300
A27: III. TRANSPORTES
A30: MATERIAL | H30: VOL. o PESO | I30: DISTANCIA | J30: M3 o Ton/Km | K30: TARIFA | M30: Vr. UNITARIO
M31: =IF(K31>0,ROUND(J31*K31,0),0) -> 0
A32: SUBTOTAL $ | M32: =+SUM(M31:M31) -> 0
A33: IV. MANO DE OBRA
A36: TRABAJADOR | H36: JORNAL | I36: PRESTACIONES | J36: JORNAL TOTAL | K36: RENDIMIENTO | M36: Vr. UNITARIO
A37: OFICIAL | H37: 65000 | I37: 0.86 | J37: =+ROUND(H37*(1+I37),0) -> 120900 | K37: 13 | M37: =IF(K37>0,ROUND(J37/K37,0),0) -> 9300
A38: 1 AYUDANTE | H38: 45000 | I38: 0.86 | J38: =+ROUND(H38*(1+I38),0) -> 83700 | K38: 13 | M38: =IF(K38>0,ROUND(J38/K38,0),0) -> 6438
A39: SUBTOTAL $ | M39: =+SUM(M37:M38) -> 15738
A41: TOTAL COSTO DIRECTO $ | M41: =+M17+M26+M32+M39 -> 34860
A43: PRECIO UNITARIO TOTAL APROXIMADO AL PESO | M43: =+M41 -> 34860
A45: CONTRATISTA: | G45: INTERVENTOR:
A51: Firma: | G51: Firma:
A52: OSCAR MEJIA ESCOBAR | G52: RAMON LOPEZ CAMARGO
A53: RL. SAICO INGENIERIA S.A.S | G53: RL. SOLUCIONES R&S S.A.S

Sheet NP1
A2: Consejo Superior de la Judicatura Dirección Seccional de Administración Judicial Sincelejo – Sucre
A3: =+'[4]BALANCE NRO 1'!G4 -> ADECUACIONES LOCATIVAS Y REFORZAMIENTO ESTRUCTURAL A LA SEDE JUDICIAL DEL MUNICIPIO DE TOLUVIEJO SUCRE
A4: ANALISIS DE PRECIOS UNITARIOS
A6: DATOS ESPECÍFICOS
A8: ITEM | B8: DESCRIPCIÓN | K8: UNIDAD | M8: CANTIDAD
A9: =+'[4]BALANCE NRO 1'!A41 -> NP1 | B9: =+'[4]BALANCE NRO 1'!B41 -> Cerramiento en tela verde H: 2.0M y todos los elementos necesarios para su correcta instalacion | K9: =+'[4]BALANCE NRO 1'!C41 -> ml | M9: =+'[4]BALANCE NRO 1'!K41 -> 0
A10: I. EQUIPO
A13: DESCRIPCIÓN | F13: MARCA | H13: TIPO | J13: TARIFA/HORA | K13: RENDIMIENTO | M13: Vr. UNITARIO
A14: HERRAMAMIENTAS MENORES 10% M.O | M14: =0.1*M41 -> 288.3
M15: =K15*J15 -> 0
A18: SUBTOTAL $ | M18: =+ROUND(SUM(M14:M17),0) -> 288
A19: II. MATERIALES
A22: DESCRIPCIÓN | I22: UNIDAD | J22: CANTIDAD | K22: PRECIO UNIT. | M22: Vr. UNITARIO
A23: TELA VERDE PARA CERRAMIENTO | I23: M2 | J23: =1*2.1 -> 2.1 | K23: =178300/(50*2.1) -> 1698.0952 | M23: =IF(K23>0,ROUND(J23*K23,0),0) -> 3566
A24: LISTONES EN MADERA 2" X 4 | I24: UND | J24: 1 | K24: 29500 | M24: =+K24*J24 -> 29500
A26: SUBTOTAL $ | M26: =+SUM(M23:M25) -> 33066
A27: III. TRANSPORTES
A30: MATERIAL | H30: VOL. o PESO | I30: DISTANCIA | J30: M3 o Ton/Km | K30: TARIFA | M30: Vr. UNITARIO
M31: =IF(K31>0,ROUND(J31*K31,0),0) -> 0
A32: SUBTOTAL $ | M32: =+SUM(M31:M31) -> 0
A33: IV. MANO DE OBRA
A36: TRABAJADOR | H36: JORNAL | I36: PRESTACIONES | J36: JORNAL TOTAL | K36: RENDIMIENTO | M36: Vr. UNITARIO
A37: OFICIAL | H37: 65000 | I37: 0.86 | J37: =+ROUND(H37*(1+I37),0) -> 120900 | K37: 100 | M37: =+ROUND(J37/K37,0) -> 1209
A38: 2 AYUDANTES | H38: =45000*2 -> 90000 | I38: 0.86 | J38: =+ROUND(H38*(1+I38),0) -> 167400 | K38: 100 | M38: =+J38/K38 -> 1674
A41: SUBTOTAL $ | M41: =+SUM(M37:M40) -> 2883
A44: TOTAL COSTO DIRECTO $ | M44: =+M18+M26+M32+M41 -> 36237
A47: CONTRATISTA: | G47: INTERVENTOR:
A53: Firma: | G53: Firma:
A54: OSCAR MEJIA ESCOBAR | G54: RAMON LOPEZ CAMARGO
A55: RL. SAICO INGENIERIA S.A.S | G55: RL. SOLUCIONES R&S S.A.S

Sheet NP2.2
A1: Consejo Superior de la Judicatura Dirección Seccional de Administración Judicial Sincelejo – Sucre
A2: =+[3]NP36!A3 -> ADECUACIONES LOCATIVAS Y REFORZAMIENTO ESTRUCTURAL A LA SEDE JUDICIAL DEL MUNICIPIO DE TOLUVIEJO SUCRE
A3: ANALISIS DE PRECIOS UNITARIOS
A5: DATOS ESPECÍFICOS
A7: ITEM | B7: DESCRIPCIÓN | K7: UNIDAD | M7: CANTIDAD
A8: =+'BALANCE NRO 2'!A65 -> NP2.2 | B8: =+'BALANCE NRO 2'!B65 -> Suministro e instalación salida en piso con tapa, prensaestopas de 3/4" en caja de aluminio inyectado de 10 x 10 doble fondo salidas para tubo de 1". | K8: =+'BALANCE NRO 2'!C65 -> und | M8: =+'BALANCE NRO 2'!K65 -> 4
A9: I. EQUIPO
A12: DESCRIPCIÓN | F12: MARCA | H12: TIPO | J12: TARIFA/DIA | K12: RENDIMIENTO | M12: Vr. UNITARIO
A13: HERRAMAMIENTAS MENORES 10% M.O | M13: =ROUND(0.1*M39,0) -> 585
A17: SUBTOTAL $ | M17: =+SUM(M13:M16) -> 585
A18: II. MATERIALES
A21: DESCRIPCIÓN | I21: UNIDAD | J21: CANTIDAD | K21: PRECIO UNIT. | M21: Vr. UNITARIO
A22: CAJAS 4X4 DOBLE FONDO | I22: UND | J22: 1 | K22: 25457.846 | M22: =+J22*K22 -> 25457.846
A23: PRENSAESTOPA | I23: UND | J23: 1 | K23: 3500 | M23: =+J23*K23 -> 3500
A26: SUBTOTAL $ | M26: =+SUM(M22:M25) -> 28957.846
A27: III. TRANSPORTES
A30: MATERIAL | H30: VOL. o PESO | I30: DISTANCIA | J30: M3 o Ton/Km | K30: TARIFA | M30: Vr. UNITARIO
M31: =IF(K31>0,ROUND(J31*K31,0),0) -> 0
A32: SUBTOTAL $ | M32: =+SUM(M31:M31) -> 0
A33: IV. MANO DE OBRA
A36: TRABAJADOR | H36: JORNAL | I36: PRESTACIONES | J36: JORNAL TOTAL | K36: RENDIMIENTO | M36: Vr. UNITARIO
A37: OFICIAL | H37: 65000 | I37: 0.86 | J37: =+ROUND(H37*(1+I37),0) -> 120900 | K37: 35 | M37: =IF(K37>0,ROUND(J37/K37,0),0) -> 3454
A38: 1 AYUDANTE | H38: 45000 | I38: 0.86 | J38: =+ROUND(H38*(1+I38),0) -> 83700 | K38: 35 | M38: =IF(K38>0,ROUND(J38/K38,0),0) -> 2391
A39: SUBTOTAL $ | M39: =+SUM(M37:M38) -> 5845
A41: TOTAL COSTO DIRECTO $ | M41: =+M17+M26+M32+M39 -> 35387.846
A43: PRECIO UNITARIO TOTAL APROXIMADO AL PESO | M43: =+M41 -> 35387.846
A45: CONTRATISTA: | G45: INTERVENTOR:
A51: Firma: | G51: Firma:
A52: OSCAR MEJIA ESCOBAR | G52: RAMON LOPEZ CAMARGO
A53: RL. SAICO INGENIERIA S.A.S | G53: RL. SOLUCIONES R&S S.A.S

Sheet NP2.3
A1: Consejo Superior de la Judicatura Dirección Seccional de Administración Judicial Sincelejo – Sucre
A2: =+[3]NP36!A3 -> ADECUACIONES LOCATIVAS Y REFORZAMIENTO ESTRUCTURAL A LA SEDE JUDICIAL DEL MUNICIPIO DE TOLUVIEJO SUCRE
A3: ANALISIS DE PRECIOS UNITARIOS
A5: DATOS ESPECÍFICOS
A7: ITEM | B7: DESCRIPCIÓN | K7: UNIDAD | M7: CANTIDAD
A8: =+'BALANCE NRO 2'!A66 -> NP2.3 | B8: =+'BALANCE NRO 2'!B66 -> Suministro e instalacion de cajas en pvc de 4x4 | K8: =+'BALANCE NRO 2'!C66 -> und | M8: =+'BALANCE NRO 2'!K66 -> 53
A9: I. EQUIPO
A12: DESCRIPCIÓN | F12: MARCA | H12: TIPO | J12: TARIFA/DIA | K12: RENDIMIENTO | M12: Vr. UNITARIO
A13: HERRAMAMIENTAS MENORES 10% M.O | M13: =ROUND(0.1*M39,0) -> 585
A17: SUBTOTAL $ | M17: =+SUM(M13:M16) -> 585
A18: II. MATERIALES
A21: DESCRIPCIÓN | I21: UNIDAD | J21: CANTIDAD | K21: PRECIO UNIT. | M21: Vr. UNITARIO
A22: CAJAS 4X4 PLASTICAS | I22: UND | J22: 1 | K22: 4252 | M22: =+J22*K22 -> 4252
A26: SUBTOTAL $ | M26: =+SUM(M22:M25) -> 4252
A27: III. TRANSPORTES
A30: MATERIAL | H30: VOL. o PESO | I30: DISTANCIA | J30: M3 o Ton/Km | K30: TARIFA | M30: Vr. UNITARIO
M31: =IF(K31>0,ROUND(J31*K31,0),0) -> 0
A32: SUBTOTAL $ | M32: =+SUM(M31:M31) -> 0
A33: IV. MANO DE OBRA
A36: TRABAJADOR | H36: JORNAL | I36: PRESTACIONES | J36: JORNAL TOTAL | K36: RENDIMIENTO | M36: Vr. UNITARIO
A37: OFICIAL | H37: 65000 | I37: 0.86 | J37: =+ROUND(H37*(1+I37),0) -> 120900 | K37: 35 | M37: =IF(K37>0,ROUND(J37/K37,0),0) -> 3454
A38: 1 AYUDANTE | H38: 45000 | I38: 0.86 | J38: =+ROUND(H38*(1+I38),0) -> 83700 | K38: 35 | M38: =IF(K38>0,ROUND(J38/K38,0),0) -> 2391
A39: SUBTOTAL $ | M39: =+SUM(M37:M38) -> 5845
A41: TOTAL COSTO DIRECTO $ | M41: =+M17+M26+M32+M39 -> 10682
A43: PRECIO UNITARIO TOTAL APROXIMADO AL PESO | M43: =+M41 -> 10682
A45: CONTRATISTA: | G45: INTERVENTOR:
A51: Firma: | G51: Firma:
A52: OSCAR MEJIA ESCOBAR | G52: RAMON LOPEZ CAMARGO
A53: RL. SAICO INGENIERIA S.A.S | G53: RL. SOLUCIONES R&S S.A.S

Sheet NP2.4
A1: Consejo Superior de la Judicatura Dirección Seccional de Administración Judicial Sincelejo – Sucre
A2: =+[3]NP36!A3 -> ADECUACIONES LOCATIVAS Y REFORZAMIENTO ESTRUCTURAL A LA SEDE JUDICIAL DEL MUNICIPIO DE TOLUVIEJO SUCRE
A3: ANALISIS DE PRECIOS UNITARIOS
A5: DATOS ESPECÍFICOS
A7: ITEM | B7: DESCRIPCIÓN | K7: UNIDAD | M7: CANTIDAD
A8: =+'BALANCE NRO 2'!A66 -> NP2.3 | B8: =+'BALANCE NRO 2'!B66 -> Suministro e instalacion de cajas en pvc de 4x4 | K8: =+'BALANCE NRO 2'!C66 -> und | M8: =+'BALANCE NRO 2'!K66 -> 53
A9: I. EQUIPO
A12: DESCRIPCIÓN | F12: MARCA | H12: TIPO | J12: TARIFA/DIA | K12: RENDIMIENTO | M12: Vr. UNITARIO
A13: HERRAMAMIENTAS MENORES 10% M.O | M13: =ROUND(0.1*M38,0) -> 10230
A17: SUBTOTAL $ | M17: =+SUM(M13:M16) -> 10230
A18: II. MATERIALES
A21: DESCRIPCIÓN | I21: UNIDAD | J21: CANTIDAD | K21: PRECIO UNIT. | M21: Vr. UNITARIO
A22: protectores para ventanas en acero inoxidable en tuberia de 1 pulgada y tubo de media en acero. | I22: m2 | J22: 1 | K22: 277090.13 | M22: =IF(K22>0,ROUND(J22*K22,0),0) -> 277090
A25: SUBTOTAL $ | M25: =+SUM(M22:M24) -> 277090
A26: III. TRANSPORTES
A29: MATERIAL | H29: VOL. o PESO | I29: DISTANCIA | J29: M3 o Ton/Km | K29: TARIFA | M29: Vr. UNITARIO
M30: =IF(K30>0,ROUND(J30*K30,0),0) -> 0
A31: SUBTOTAL $ | M31: =+SUM(M30:M30) -> 0
A32: IV. MANO DE OBRA
A35: TRABAJADOR | H35: JORNAL | I35: PRESTACIONES | J35: JORNAL TOTAL | K35: RENDIMIENTO | M35: Vr. UNITARIO
A36: OFICIAL | H36: 65000 | I36: 0.86 | J36: =+ROUND(H36*(1+I36),0) -> 120900 | K36: 2 | M36: =IF(K36>0,ROUND(J36/K36,0),0) -> 60450
A37: 1 AYUDANTE | H37: 45000 | I37: 0.86 | J37: =+ROUND(H37*(1+I37),0) -> 83700 | K37: 2 | M37: =IF(K37>0,ROUND(J37/K37,0),0) -> 41850
A38: SUBTOTAL $ | M38: =+SUM(M36:M37) -> 102300
A40: TOTAL COSTO DIRECTO $ | M40: =+M17+M25+M31+M38 -> 389620
A42: PRECIO UNITARIO TOTAL APROXIMADO AL PESO | M42: =+M40 -> 389620
A44: CONTRATISTA: | G44: INTERVENTOR:
A50: Firma: | G50: Firma:
A51: OSCAR MEJIA ESCOBAR | G51: RAMON LOPEZ CAMARGO
A52: RL. SAICO INGENIERIA S.A.S | G52: RL. SOLUCIONES R&S S.A.S

Sheet NP7
A2: Consejo Superior de la Judicatura Dirección Seccional de Administración Judicial Sincelejo – Sucre
A3: =+'BALANCE NRO 2'!G4 -> ADECUACIONES LOCATIVAS Y REFORZAMIENTO ESTRUCTURAL A LA SEDE JUDICIAL DEL MUNICIPIO DE TOLUVIEJO SUCRE
A4: ANALISIS DE PRECIOS UNITARIOS
A6: DATOS ESPECÍFICOS
A8: ITEM | B8: DESCRIPCIÓN | K8: UNIDAD | M8: CANTIDAD
A9: =+'BALANCE NRO 2'!#REF! -> #REF! | B9: =+'BALANCE NRO 2'!#REF! -> #REF! | K9: =+'BALANCE NRO 2'!#REF! -> #REF! | M9: =+'BALANCE NRO 2'!#REF! -> #REF!
A10: I. EQUIPO
A13: DESCRIPCIÓN | F13: MARCA | H13: TIPO | J13: TARIFA/HORA | K13: RENDIMIENTO | M13: Vr. UNITARIO
A14: HERRAMAMIENTAS MENORES 10% M.O | M14: =0.1*M41 -> 1534.5
M15: =K15*J15 -> 0
A18: SUBTOTAL $ | M18: =+ROUND(SUM(M14:M17),0) -> 1535
A19: II. MATERIALES
A22: DESCRIPCIÓN | I22: UNIDAD | J22: CANTIDAD | K22: PRECIO UNIT. | M22: Vr. UNITARIO
A23: PLANTA ORNAMENTAL | I23: UND | J23: 1 | K23: 40000 | M23: =+J23*K23 -> 40000
A24: BULTO DE ABONO ORGANICO | I24: UND | J24: 1 | K24: 18000 | M24: =+J24*K24 -> 18000
A26: SUBTOTAL $ | M26: =+SUM(M23:M25) -> 58000
A27: III. TRANSPORTES
A30: MATERIAL | H30: VOL. o PESO | I30: DISTANCIA | J30: M3 o Ton/Km | K30: TARIFA | M30: Vr. UNITARIO
M31: =IF(K31>0,ROUND(J31*K31,0),0) -> 0
A32: SUBTOTAL $ | M32: =+SUM(M31:M31) -> 0
A33: IV. MANO DE OBRA
A36: TRABAJADOR | H36: JORNAL | I36: PRESTACIONES | J36: JORNAL TOTAL | K36: RENDIMIENTO | M36: Vr. UNITARIO
A37: OFICIAL | H37: 70000 | I37: 0.86 | J37: =+ROUND(H37*(1+I37),0) -> 130200 | K37: 20 | M37: =+ROUND(J37/K37,0) -> 6510
A38: 2 AYUDANTE | H38: =2*47500 -> 95000 | I38: 0.86 | J38: =+ROUND(H38*(1+I38),0) -> 176700 | K38: 20 | M38: =IF(K38>0,ROUND(J38/K38,0),0) -> 8835
K39: 0
A41: SUBTOTAL $ | M41: =+SUM(M37:M40) -> 15345
A44: TOTAL COSTO DIRECTO $ | M44: =+M18+M26+M32+M41 -> 74880
A46: CONTRATISTA: | G46: INTERVENTOR:
A52: Firma: | G52: Firma:
A53: OSCAR MEJIA ESCOBAR | G53: RAMON LOPEZ CAMARGO
A54: RL. SAICO INGENIERIA S.A.S | G54: RL. SOLUCIONES R&S S.A.S

Sheet NP8
A2: Consejo Superior de la Judicatura Dirección Seccional de Administración Judicial Sincelejo – Sucre
A3: =+'BALANCE NRO 2'!G4 -> ADECUACIONES LOCATIVAS Y REFORZAMIENTO ESTRUCTURAL A LA SEDE JUDICIAL DEL MUNICIPIO DE TOLUVIEJO SUCRE
A4: ANALISIS DE PRECIOS UNITARIOS
A6: DATOS ESPECÍFICOS
A8: ITEM | B8: DESCRIPCIÓN | K8: UNIDAD | M8: CANTIDAD
A9: =+'BALANCE NRO 2'!#REF! -> #REF! | B9: =+'BALANCE NRO 2'!#REF! -> #REF! | K9: =+'BALANCE NRO 2'!#REF! -> #REF! | M9: =+'BALANCE NRO 2'!#REF! -> #REF!
A10: I. EQUIPO
A13: DESCRIPCIÓN | F13: MARCA | H13: TIPO | J13: TARIFA/HORA | K13: RENDIMIENTO | M13: Vr. UNITARIO
A14: HERRAMAMIENTAS MENORES 10% M.O | M14: =0.1*M45 -> 1805.3
M15: =K15*J15 -> 0
A18: SUBTOTAL $ | M18: =+ROUND(SUM(M14:M17),0) -> 1805
A19: II. MATERIALES
A22: DESCRIPCIÓN | I22: UNIDAD | J22: CANTIDAD | K22: PRECIO UNIT. | M22: Vr. UNITARIO
A23: CURVA DE 1/2" | I23: UND | J23: 1 | K23: 1100 | M23: =+J23*K23 -> 1100
A24: CAJA 4X4 | I24: UND | J24: 1 | K24: 1000 | M24: =+J24*K24 -> 1000
A25: SUPLEMENTO PVC | I25: UND | J25: 1 | K25: 900 | M25: =+J25*K25 -> 900
A26: CONECTORES | I26: UND | J26: 1 | K26: 900 | M26: =+J26*K26 -> 900
A27: INTERRUPTOR DOBLE | I27: UND | J27: 1 | K27: 62900 | M27: =+J27*K27 -> 62900
A30: SUBTOTAL $ | M30: =+SUM(M23:M29) -> 66800
A31: III. TRANSPORTES
A34: MATERIAL | H34: VOL. o PESO | I34: DISTANCIA | J34: M3 o Ton/Km | K34: TARIFA | M34: Vr. UNITARIO
M35: =IF(K35>0,ROUND(J35*K35,0),0) -> 0
A36: SUBTOTAL $ | M36: =+SUM(M35:M35) -> 0
A37: IV. MANO DE OBRA
A40: TRABAJADOR | H40: JORNAL | I40: PRESTACIONES | J40: JORNAL TOTAL | K40: RENDIMIENTO | M40: Vr. UNITARIO
A41: OFICIAL | H41: 70000 | I41: 0.86 | J41: =+ROUND(H41*(1+I41),0) -> 130200 | K41: 17 | M41: =+ROUND(J41/K41,0) -> 7659
A42: 2 AYUDANTE | H42: =2*47500 -> 95000 | I42: 0.86 | J42: =+ROUND(H42*(1+I42),0) -> 176700 | K42: 17 | M42: =IF(K42>0,ROUND(J42/K42,0),0) -> 10394
A45: SUBTOTAL $ | M45: =+SUM(M41:M44) -> 18053
A48: TOTAL COSTO DIRECTO $ | M48: =+M18+M30+M36+M45 -> 86658
A50: CONTRATISTA: | G50: INTERVENTOR:
A56: Firma: | G56: Firma:
A57: OSCAR MEJIA ESCOBAR | G57: RAMON LOPEZ CAMARGO
A58: RL. SAICO INGENIERIA S.A.S | G58: RL. SOLUCIONES R&S S.A.S

Sheet NP9
A2: Consejo Superior de la Judicatura Dirección Seccional de Administración Judicial Sincelejo – Sucre
A3: =+'BALANCE NRO 2'!G4 -> ADECUACIONES LOCATIVAS Y REFORZAMIENTO ESTRUCTURAL A LA SEDE JUDICIAL DEL MUNICIPIO DE TOLUVIEJO SUCRE
A4: ANALISIS DE PRECIOS UNITARIOS
A6: DATOS ESPECÍFICOS
A8: ITEM | B8: DESCRIPCIÓN | K8: UNIDAD | M8: CANTIDAD
A9: =+'BALANCE NRO 2'!#REF! -> #REF! | B9: =+'BALANCE NRO 2'!#REF! -> #REF! | K9: =+'BALANCE NRO 2'!#REF! -> #REF! | M9: =+'BALANCE NRO 2'!#REF! -> #REF!
A10: I. EQUIPO
A13: DESCRIPCIÓN | F13: MARCA | H13: TIPO | J13: TARIFA/HORA | K13: RENDIMIENTO | M13: Vr. UNITARIO
A14: HERRAMAMIENTAS MENORES 10% M.O | M14: =0.1*M45 -> 1805.3
M15: =K15*J15 -> 0
A18: SUBTOTAL $ | M18: =+ROUND(SUM(M14:M17),0) -> 1805
A19: II. MATERIALES
A22: DESCRIPCIÓN | I22: UNIDAD | J22: CANTIDAD | K22: PRECIO UNIT. | M22: Vr. UNITARIO
A23: CURVA DE 1/2" | I23: UND | J23: 1 | K23: 1100 | M23: =+J23*K23 -> 1100
A24: CAJA 4X4 | I24: UND | J24: 1 | K24: 1000 | M24: =+J24*K24 -> 1000
A25: SUPLEMENTO PVC | I25: UND | J25: 1 | K25: 900 | M25: =+J25*K25 -> 900
A26: CONECTORES | I26: UND | J26: 1 | K26: 900 | M26: =+J26*K26 -> 900
A27: INTERRUPTOR SENCILLO | I27: UND | J27: 1 | K27: 35000 | M27: =+J27*K27 -> 35000
A30: SUBTOTAL $ | M30: =+SUM(M23:M29) -> 38900
A31: III. TRANSPORTES
A34: MATERIAL | H34: VOL. o PESO | I34: DISTANCIA | J34: M3 o Ton/Km | K34: TARIFA | M34: Vr. UNITARIO
M35: =IF(K35>0,ROUND(J35*K35,0),0) -> 0
A36: SUBTOTAL $ | M36: =+SUM(M35:M35) -> 0
A37: IV. MANO DE OBRA
A40: TRABAJADOR | H40: JORNAL | I40: PRESTACIONES | J40: JORNAL TOTAL | K40: RENDIMIENTO | M40: Vr. UNITARIO
A41: OFICIAL | H41: 70000 | I41: 0.86 | J41: =+ROUND(H41*(1+I41),0) -> 130200 | K41: 17 | M41: =+ROUND(J41/K41,0) -> 7659
A42: 2 AYUDANTE | H42: =2*47500 -> 95000 | I42: 0.86 | J42: =+ROUND(H42*(1+I42),0) -> 176700 | K42: 17 | M42: =IF(K42>0,ROUND(J42/K42,0),0) -> 10394
A45: SUBTOTAL $ | M45: =+SUM(M41:M44) -> 18053
A48: TOTAL COSTO DIRECTO $ | M48: =+M18+M30+M36+M45 -> 58758
A50: CONTRATISTA: | G50: INTERVENTOR:
A56: Firma: | G56: Firma:
A57: OSCAR MEJIA ESCOBAR | G57: RAMON LOPEZ CAMARGO
A58: RL. SAICO INGENIERIA S.A.S | G58: RL. SOLUCIONES R&S S.A.S

Sheet NP10
A2: Consejo Superior de la Judicatura Dirección Seccional de Administración Judicial Sincelejo – Sucre
A3: =+'BALANCE NRO 2'!G4 -> ADECUACIONES LOCATIVAS Y REFORZAMIENTO ESTRUCTURAL A LA SEDE JUDICIAL DEL MUNICIPIO DE TOLUVIEJO SUCRE
A4: ANALISIS DE PRECIOS UNITARIOS
A6: DATOS ESPECÍFICOS
A8: ITEM | B8: DESCRIPCIÓN | K8: UNIDAD | M8: CANTIDAD
A9: =+'BALANCE NRO 2'!#REF! -> #REF! | B9: =+'BALANCE NRO 2'!#REF! -> #REF! | K9: =+'BALANCE NRO 2'!#REF! -> #REF! | M9: =+'BALANCE NRO 2'!#REF! -> #REF!
A10: I. EQUIPO
A13: DESCRIPCIÓN | F13: MARCA | H13: TIPO | J13: TARIFA/HORA | K13: RENDIMIENTO | M13: Vr. UNITARIO
A14: HERRAMAMIENTAS MENORES 10% M.O | M14: =0.1*M44 -> 1805.3
M15: =K15*J15 -> 0
A18: SUBTOTAL $ | M18: =+ROUND(SUM(M14:M17),0) -> 1805
A19: II. MATERIALES
A22: DESCRIPCIÓN | I22: UNIDAD | J22: CANTIDAD | K22: PRECIO UNIT. | M22: Vr. UNITARIO
A23: CURVA DE 1/2" | I23: UND | J23: 1 | K23: 1100 | M23: =+J23*K23 -> 1100
A24: CAJA 4X4 | I24: UND | J24: 1 | K24: 1000 | M24: =+J24*K24 -> 1000
A25: SUPLEMENTO PVC | I25: UND | J25: 1 | K25: 900 | M25: =+J25*K25 -> 900
A26: CONECTORES | I26: UND | J26: 1 | K26: 900 | M26: =+J26*K26 -> 900
A27: INTERRUPTOR TRIPLE | I27: UND | J27: 1 | K27: 85000 | M27: =+J27*K27 -> 85000
A29: SUBTOTAL $ | M29: =+SUM(M23:M28) -> 88900
A30: III. TRANSPORTES
A33: MATERIAL | H33: VOL. o PESO | I33: DISTANCIA | J33: M3 o Ton/Km | K33: TARIFA | M33: Vr. UNITARIO
M34: =IF(K34>0,ROUND(J34*K34,0),0) -> 0
A35: SUBTOTAL $ | M35: =+SUM(M34:M34) -> 0
A36: IV. MANO DE OBRA
A39: TRABAJADOR | H39: JORNAL | I39: PRESTACIONES | J39: JORNAL TOTAL | K39: RENDIMIENTO | M39: Vr. UNITARIO
A40: OFICIAL | H40: 70000 | I40: 0.86 | J40: =+ROUND(H40*(1+I40),0) -> 130200 | K40: 17 | M40: =+ROUND(J40/K40,0) -> 7659
A41: 2 AYUDANTE | H41: =2*47500 -> 95000 | I41: 0.86 | J41: =+ROUND(H41*(1+I41),0) -> 176700 | K41: 17 | M41: =IF(K41>0,ROUND(J41/K41,0),0) -> 10394
A44: SUBTOTAL $ | M44: =+SUM(M40:M43) -> 18053
A47: TOTAL COSTO DIRECTO $ | M47: =+M18+M29+M35+M44 -> 108758
A49: CONTRATISTA: | G49: INTERVENTOR:
A55: Firma: | G55: Firma:
A56: OSCAR MEJIA ESCOBAR | G56: RAMON LOPEZ CAMARGO
A57: RL. SAICO INGENIERIA S.A.S | G57: RL. SOLUCIONES R&S S.A.S

Sheet NP11
A2: Consejo Superior de la Judicatura Dirección Seccional de Administración Judicial Sincelejo – Sucre
A3: =+'BALANCE NRO 2'!G4 -> ADECUACIONES LOCATIVAS Y REFORZAMIENTO ESTRUCTURAL A LA SEDE JUDICIAL DEL MUNICIPIO DE TOLUVIEJO SUCRE
A4: ANALISIS DE PRECIOS UNITARIOS
A6: DATOS ESPECÍFICOS
A8: ITEM | B8: DESCRIPCIÓN | K8: UNIDAD | M8: CANTIDAD
A9: =+'BALANCE NRO 2'!#REF! -> #REF! | B9: =+'BALANCE NRO 2'!#REF! -> #REF! | K9: =+'BALANCE NRO 2'!#REF! -> #REF! | M9: =+'BALANCE NRO 2'!#REF! -> #REF!
A10: I. EQUIPO
A13: DESCRIPCIÓN | F13: MARCA | H13: TIPO | J13: TARIFA/HORA | K13: RENDIMIENTO | M13: Vr. UNITARIO
A14: HERRAMAMIENTAS MENORES 10% M.O | M14: =0.1*M45 -> 1805.3
M15: =K15*J15 -> 0
A18: SUBTOTAL $ | M18: =+ROUND(SUM(M14:M17),0) -> 1805
A19: II. MATERIALES
A22: DESCRIPCIÓN | I22: UNIDAD | J22: CANTIDAD | K22: PRECIO UNIT. | M22: Vr. UNITARIO
A23: CURVA DE 1/2" | I23: UND | J23: 1 | K23: 1100 | M23: =+J23*K23 -> 1100
A24: CAJA 4X4 | I24: UND | J24: 1 | K24: 1000 | M24: =+J24*K24 -> 1000
A25: SUPLEMENTO PVC | I25: UND | J25: 1 | K25: 900 | M25: =+J25*K25 -> 900
A26: CONECTORES | I26: UND | J26: 1 | K26: 900 | M26: =+J26*K26 -> 900
A27: TOMACORRIENTE DOBLE | I27: UND | J27: 1 | K27: 28000 | M27: =+J27*K27 -> 28000
A30: SUBTOTAL $ | M30: =+ROUND(SUM(M23:M29),0) -> 31900
A31: III. TRANSPORTES
A34: MATERIAL | H34: VOL. o PESO | I34: DISTANCIA | J34: M3 o Ton/Km | K34: TARIFA | M34: Vr. UNITARIO
M35: =IF(K35>0,ROUND(J35*K35,0),0) -> 0
A36: SUBTOTAL $ | M36: =+SUM(M35:M35) -> 0
A37: IV. MANO DE OBRA
A40: TRABAJADOR | H40: JORNAL | I40: PRESTACIONES | J40: JORNAL TOTAL | K40: RENDIMIENTO | M40: Vr. UNITARIO
A41: OFICIAL | H41: 70000 | I41: 0.86 | J41: =+ROUND(H41*(1+I41),0) -> 130200 | K41: 17 | M41: =+ROUND(J41/K41,0) -> 7659
A42: 2 AYUDANTE | H42: =2*47500 -> 95000 | I42: 0.86 | J42: =+ROUND(H42*(1+I42),0) -> 176700 | K42: 17 | M42: =IF(K42>0,ROUND(J42/K42,0),0) -> 10394
A45: SUBTOTAL $ | M45: =+SUM(M41:M44) -> 18053
A48: TOTAL COSTO DIRECTO $ | M48: =+M18+M30+M36+M45 -> 51758
A50: CONTRATISTA: | G50: INTERVENTOR:
A56: Firma: | G56: Firma:
A57: OSCAR MEJIA ESCOBAR | G57: RAMON LOPEZ CAMARGO
A58: RL. SAICO INGENIERIA S.A.S | G58: RL. SOLUCIONES R&S S.A.S

Sheet NP12
A2: Consejo Superior de la Judicatura Dirección Seccional de Administración Judicial Sincelejo – Sucre
A3: =+'BALANCE NRO 2'!G4 -> ADECUACIONES LOCATIVAS Y REFORZAMIENTO ESTRUCTURAL A LA SEDE JUDICIAL DEL MUNICIPIO DE TOLUVIEJO SUCRE
A4: ANALISIS DE PRECIOS UNITARIOS
A6: DATOS ESPECÍFICOS
A8: ITEM | B8: DESCRIPCIÓN | K8: UNIDAD | M8: CANTIDAD
A9: =+'BALANCE NRO 2'!#REF! -> #REF! | B9: =+'BALANCE NRO 2'!#REF! -> #REF! | K9: =+'BALANCE NRO 2'!#REF! -> #REF! | M9: =+'BALANCE NRO 2'!#REF! -> #REF!
A10: I. EQUIPO
A13: DESCRIPCIÓN | F13: MARCA | H13: TIPO | J13: TARIFA/HORA | K13: RENDIMIENTO | M13: Vr. UNITARIO
A14: HERRAMAMIENTAS MENORES 10% M.O | M14: =0.1*M45 -> 1805.3
M15: =K15*J15 -> 0
A18: SUBTOTAL $ | M18: =+ROUND(SUM(M14:M17),0) -> 1805
A19: II. MATERIALES
A22: DESCRIPCIÓN | I22: UNIDAD | J22: CANTIDAD | K22: PRECIO UNIT. | M22: Vr. UNITARIO
A23: CURVA DE 1/2" | I23: UND | J23: 1 | K23: 1100 | M23: =+J23*K23 -> 1100
A24: CAJA 4X4 | I24: UND | J24: 1 | K24: 1000 | M24: =+J24*K24 -> 1000
A25: SUPLEMENTO PVC | I25: UND | J25: 1 | K25: 900 | M25: =+J25*K25 -> 900
A26: CONECTORES | I26: UND | J26: 1 | K26: 900 | M26: =+J26*K26 -> 900
A27: TOMACORRIENTE REGULADO | I27: UND | J27: 1 | K27: 35000 | M27: =+J27*K27 -> 35000
A30: SUBTOTAL $ | M30: =+SUM(M27:M29) -> 35000
A31: III. TRANSPORTES
A34: MATERIAL | H34: VOL. o PESO | I34: DISTANCIA | J34: M3 o Ton/Km | K34: TARIFA | M34: Vr. UNITARIO
M35: =IF(K35>0,ROUND(J35*K35,0),0) -> 0
A36: SUBTOTAL $ | M36: =+SUM(M35:M35) -> 0
A37: IV. MANO DE OBRA
A40: TRABAJADOR | H40: JORNAL | I40: PRESTACIONES | J40: JORNAL TOTAL | K40: RENDIMIENTO | M40: Vr. UNITARIO
A41: OFICIAL | H41: 70000 | I41: 0.86 | J41: =+ROUND(H41*(1+I41),0) -> 130200 | K41: 17 | M41: =+ROUND(J41/K41,0) -> 7659
A42: 2 AYUDANTE | H42: =2*47500 -> 95000 | I42: 0.86 | J42: =+ROUND(H42*(1+I42),0) -> 176700 | K42: 17 | M42: =IF(K42>0,ROUND(J42/K42,0),0) -> 10394
A45: SUBTOTAL $ | M45: =+SUM(M41:M44) -> 18053
A48: TOTAL COSTO DIRECTO $ | M48: =+M18+M30+M36+M45 -> 54858
A50: CONTRATISTA: | G50: INTERVENTOR:
A56: Firma: | G56: Firma:
A57: OSCAR MEJIA ESCOBAR | G57: RAMON LOPEZ CAMARGO
A58: RL. SAICO INGENIERIA S.A.S | G58: RL. SOLUCIONES R&S S.A.S

Sheet NP13
A2: Consejo Superior de la Judicatura Dirección Seccional de Administración Judicial Sincelejo – Sucre
A3: =+'BALANCE NRO 2'!G4 -> ADECUACIONES LOCATIVAS Y REFORZAMIENTO ESTRUCTURAL A LA SEDE JUDICIAL DEL MUNICIPIO DE TOLUVIEJO SUCRE
A4: ANALISIS DE PRECIOS UNITARIOS
A6: DATOS ESPECÍFICOS
A8: ITEM | B8: DESCRIPCIÓN | K8: UNIDAD | M8: CANTIDAD
A9: =+'BALANCE NRO 2'!#REF! -> #REF! | B9: =+'BALANCE NRO 2'!#REF! -> #REF! | K9: =+'BALANCE NRO 2'!#REF! -> #REF! | M9: =+'BALANCE NRO 2'!#REF! -> #REF!
A10: I. EQUIPO
A13: DESCRIPCIÓN | F13: MARCA | H13: TIPO | J13: TARIFA/HORA | K13: RENDIMIENTO | M13: Vr. UNITARIO
A14: HERRAMAMIENTAS MENORES 10% M.O | M14: =0.1*M45 -> 1805.3
M15: =K15*J15 -> 0
A18: SUBTOTAL $ | M18: =+ROUND(SUM(M14:M17),0) -> 1805
A19: II. MATERIALES
A22: DESCRIPCIÓN | I22: UNIDAD | J22: CANTIDAD | K22: PRECIO UNIT. | M22: Vr. UNITARIO
A23: CURVA DE 1/2" | I23: UND | J23: 1 | K23: 1100 | M23: =+J23*K23 -> 1100
A24: CAJA 4X4 | I24: UND | J24: 1 | K24: 1000 | M24: =+J24*K24 -> 1000
A25: SUPLEMENTO PVC | I25: UND | J25: 1 | K25: 900 | M25: =+J25*K25 -> 900
A26: CONECTORES | I26: UND | J26: 1 | K26: 900 | M26: =+J26*K26 -> 900
A27: TOMACORRIENTE GFCI | I27: UND | J27: 1 | K27: 38000 | M27: =+J27*K27 -> 38000
A30: SUBTOTAL $ | M30: =+SUM(M27:M29) -> 38000
A31: III. TRANSPORTES
A34: MATERIAL | H34: VOL. o PESO | I34: DISTANCIA | J34: M3 o Ton/Km | K34: TARIFA | M34: Vr. UNITARIO
M35: =IF(K35>0,ROUND(J35*K35,0),0) -> 0
A36: SUBTOTAL $ | M36: =+SUM(M35:M35) -> 0
A37: IV. MANO DE OBRA
A40: TRABAJADOR | H40: JORNAL | I40: PRESTACIONES | J40: JORNAL TOTAL | K40: RENDIMIENTO | M40: Vr. UNITARIO
A41: OFICIAL | H41: 70000 | I41: 0.86 | J41: =+ROUND(H41*(1+I41),0) -> 130200 | K41: 17 | M41: =+ROUND(J41/K41,0) -> 7659
A42: 2 AYUDANTE | H42: =2*47500 -> 95000 | I42: 0.86 | J42: =+ROUND(H42*(1+I42),0) -> 176700 | K42: 17 | M42: =IF(K42>0,ROUND(J42/K42,0),0) -> 10394
A45: SUBTOTAL $ | M45: =+SUM(M41:M44) -> 18053
A48: TOTAL COSTO DIRECTO $ | M48: =+M18+M30+M36+M45 -> 57858
A50: CONTRATISTA: | G50: INTERVENTOR:
A56: Firma: | G56: Firma:
A57: OSCAR MEJIA ESCOBAR | G57: RAMON LOPEZ CAMARGO
A58: RL. SAICO INGENIERIA S.A.S | G58: RL. SOLUCIONES R&S S.A.S

Sheet NP14
A2: Consejo Superior de la Judicatura Dirección Seccional de Administración Judicial Sincelejo – Sucre
A3: =+'BALANCE NRO 2'!G4 -> ADECUACIONES LOCATIVAS Y REFORZAMIENTO ESTRUCTURAL A LA SEDE JUDICIAL DEL MUNICIPIO DE TOLUVIEJO SUCRE
A4: ANALISIS DE PRECIOS UNITARIOS
A6: DATOS ESPECÍFICOS
A8: ITEM | B8: DESCRIPCIÓN | K8: UNIDAD | M8: CANTIDAD
A9: =+'BALANCE NRO 2'!#REF! -> #REF! | B9: =+'BALANCE NRO 2'!#REF! -> #REF! | K9: =+'BALANCE NRO 2'!#REF! -> #REF! | M9: =+'BALANCE NRO 2'!#REF! -> #REF!
A10: I. EQUIPO
A13: DESCRIPCIÓN | F13: MARCA | H13: TIPO | J13: TARIFA/HORA | K13: RENDIMIENTO | M13: Vr. UNITARIO
A14: HERRAMAMIENTAS MENORES 10% M.O | M14: =0.1*M46 -> 2046
M15: =K15*J15 -> 0
A18: SUBTOTAL $ | M18: =+ROUND(SUM(M14:M17),0) -> 2046
A19: II. MATERIALES
A22: DESCRIPCIÓN | I22: UNIDAD | J22: CANTIDAD | K22: PRECIO UNIT. | M22: Vr. UNITARIO
A23: CURVA DE 1/2" | I23: UND | J23: 1 | K23: 1100 | M23: =+J23*K23 -> 1100
A24: CAJA 4X4 | I24: UND | J24: 1 | K24: 1000 | M24: =+J24*K24 -> 1000
A25: SUPLEMENTO PVC | I25: UND | J25: 1 | K25: 900 | M25: =+J25*K25 -> 900
A26: CONECTORES | I26: UND | J26: 1 | K26: 900 | M26: =+J26*K26 -> 900
A27: LAMPARA LED DE INCRUSTAR DE 9W | I27: UND | J27: 1 | K27: 12500 | M27: =+J27*K27 -> 12500
A28: CABLE ENCAUCEHTADO | I28: ML | J28: 3 | K28: 5500 | M28: =+J28*K28 -> 16500
A31: SUBTOTAL $ | M31: =+SUM(M23:M30) -> 32900
A32: III. TRANSPORTES
A35: MATERIAL | H35: VOL. o PESO | I35: DISTANCIA | J35: M3 o Ton/Km | K35: TARIFA | M35: Vr. UNITARIO
M36: =IF(K36>0,ROUND(J36*K36,0),0) -> 0
A37: SUBTOTAL $ | M37: =+SUM(M36:M36) -> 0
A38: IV. MANO DE OBRA
A41: TRABAJADOR | H41: JORNAL | I41: PRESTACIONES | J41: JORNAL TOTAL | K41: RENDIMIENTO | M41: Vr. UNITARIO
A42: OFICIAL | H42: 70000 | I42: 0.86 | J42: =+ROUND(H42*(1+I42),0) -> 130200 | K42: 15 | M42: =+ROUND(J42/K42,0) -> 8680
A43: 2 AYUDANTE | H43: =2*47500 -> 95000 | I43: 0.86 | J43: =+ROUND(H43*(1+I43),0) -> 176700 | K43: 15 | M43: =IF(K43>0,ROUND(J43/K43,0),0) -> 11780
A46: SUBTOTAL $ | M46: =+SUM(M42:M45) -> 20460
A49: TOTAL COSTO DIRECTO $ | M49: =+M18+M31+M37+M46 -> 55406
A51: CONTRATISTA: | G51: INTERVENTOR:
A57: Firma: | G57: Firma:
A58: OSCAR MEJIA ESCOBAR | G58: RAMON LOPEZ CAMARGO
A59: RL. SAICO INGENIERIA S.A.S | G59: RL. SOLUCIONES R&S S.A.S

Sheet NP15
A2: Consejo Superior de la Judicatura Dirección Seccional de Administración Judicial Sincelejo – Sucre
A3: =+'BALANCE NRO 2'!G4 -> ADECUACIONES LOCATIVAS Y REFORZAMIENTO ESTRUCTURAL A LA SEDE JUDICIAL DEL MUNICIPIO DE TOLUVIEJO SUCRE
A4: ANALISIS DE PRECIOS UNITARIOS
A6: DATOS ESPECÍFICOS
A8: ITEM | B8: DESCRIPCIÓN | K8: UNIDAD | M8: CANTIDAD
A9: =+'BALANCE NRO 2'!#REF! -> #REF! | B9: =+'BALANCE NRO 2'!#REF! -> #REF! | K9: =+'BALANCE NRO 2'!#REF! -> #REF! | M9: =+'BALANCE NRO 2'!#REF! -> #REF!
A10: I. EQUIPO
A13: DESCRIPCIÓN | F13: MARCA | H13: TIPO | J13: TARIFA/HORA | K13: RENDIMIENTO | M13: Vr. UNITARIO
A14: HERRAMAMIENTAS MENORES 10% M.O | M14: =0.1*M47 -> 2046
M15: =K15*J15 -> 0
A18: SUBTOTAL $ | M18: =+ROUND(SUM(M14:M17),0) -> 2046
A19: II. MATERIALES
A22: DESCRIPCIÓN | I22: UNIDAD | J22: CANTIDAD | K22: PRECIO UNIT. | M22: Vr. UNITARIO
A23: CURVA DE 1/2" | I23: UND | J23: 1 | K23: 1100 | M23: =+J23*K23 -> 1100
A24: CAJA 4X4 | I24: UND | J24: 1 | K24: 1000 | M24: =+J24*K24 -> 1000
A25: SUPLEMENTO PVC | I25: UND | J25: 1 | K25: 900 | M25: =+J25*K25 -> 900
A26: CONECTORES | I26: UND | J26: 1 | K26: 900 | M26: =+J26*K26 -> 900
A27: CABLE ENCAUCEHTADO | I27: ML | J27: 3 | K27: 5500 | M27: =+J27*K27 -> 16500
A28: LAMPARA LED DE INCRUSTAR DE 18W | I28: UND | J28: 1 | K28: 21000 | M28: =+J28*K28 -> 21000
A32: SUBTOTAL $ | M32: =+SUM(M23:M31) -> 41400
A33: III. TRANSPORTES
A36: MATERIAL | H36: VOL. o PESO | I36: DISTANCIA | J36: M3 o Ton/Km | K36: TARIFA | M36: Vr. UNITARIO
M37: =IF(K37>0,ROUND(J37*K37,0),0) -> 0
A38: SUBTOTAL $ | M38: =+SUM(M37:M37) -> 0
A39: IV. MANO DE OBRA
A42: TRABAJADOR | H42: JORNAL | I42: PRESTACIONES | J42: JORNAL TOTAL | K42: RENDIMIENTO | M42: Vr. UNITARIO
A43: OFICIAL | H43: 70000 | I43: 0.86 | J43: =+ROUND(H43*(1+I43),0) -> 130200 | K43: 15 | M43: =+ROUND(J43/K43,0) -> 8680
A44: 2 AYUDANTE | H44: =2*47500 -> 95000 | I44: 0.86 | J44: =+ROUND(H44*(1+I44),0) -> 176700 | K44: 15 | M44: =IF(K44>0,ROUND(J44/K44,0),0) -> 11780
A47: SUBTOTAL $ | M47: =+SUM(M43:M46) -> 20460
A50: TOTAL COSTO DIRECTO $ | M50: =+M18+M32+M38+M47 -> 63906
A52: CONTRATISTA: | G52: INTERVENTOR:
A58: Firma: | G58: Firma:
A59: OSCAR MEJIA ESCOBAR | G59: RAMON LOPEZ CAMARGO
A60: RL. SAICO INGENIERIA S.A.S | G60: RL. SOLUCIONES R&S S.A.S

Sheet NP16
A2: Consejo Superior de la Judicatura Dirección Seccional de Administración Judicial Sincelejo – Sucre
A3: =+'BALANCE NRO 2'!G4 -> ADECUACIONES LOCATIVAS Y REFORZAMIENTO ESTRUCTURAL A LA SEDE JUDICIAL DEL MUNICIPIO DE TOLUVIEJO SUCRE
A4: ANALISIS DE PRECIOS UNITARIOS
A6: DATOS ESPECÍFICOS
A8: ITEM | B8: DESCRIPCIÓN | K8: UNIDAD | M8: CANTIDAD
A9: =+'BALANCE NRO 2'!#REF! -> #REF! | B9: =+'BALANCE NRO 2'!#REF! -> #REF! | K9: =+'BALANCE NRO 2'!#REF! -> #REF! | M9: =+'BALANCE NRO 2'!#REF! -> #REF!
A10: I. EQUIPO
A13: DESCRIPCIÓN | F13: MARCA | H13: TIPO | J13: TARIFA/HORA | K13: RENDIMIENTO | M13: Vr. UNITARIO
A14: HERRAMAMIENTAS MENORES 10% M.O | M14: =0.1*M47 -> 2046
M15: =K15*J15 -> 0
A18: SUBTOTAL $ | M18: =+ROUND(SUM(M14:M17),0) -> 2046
A19: II. MATERIALES
A22: DESCRIPCIÓN | I22: UNIDAD | J22: CANTIDAD | K22: PRECIO UNIT. | M22: Vr. UNITARIO
A23: CURVA DE 1/2" | I23: UND | J23: 1 | K23: 1100 | M23: =+J23*K23 -> 1100
A24: CAJA 4X4 | I24: UND | J24: 1 | K24: 1000 | M24: =+J24*K24 -> 1000
A25: SUPLEMENTO PVC | I25: UND | J25: 1 | K25: 900 | M25: =+J25*K25 -> 900
A26: CONECTORES | I26: UND | J26: 1 | K26: 900 | M26: =+J26*K26 -> 900
A27: CABLE ENCAUCEHTADO | I27: ML | J27: 3 | K27: 5500 | M27: =+J27*K27 -> 16500
A28: PANEL LED 60X60 | I28: UND | J28: 1 | K28: 85000 | M28: =+J28*K28 -> 85000
A32: SUBTOTAL $ | M32: =+SUM(M23:M31) -> 105400
A33: III. TRANSPORTES
A36: MATERIAL | H36: VOL. o PESO | I36: DISTANCIA | J36: M3 o Ton/Km | K36: TARIFA | M36: Vr. UNITARIO
M37: =IF(K37>0,ROUND(J37*K37,0),0) -> 0
A38: SUBTOTAL $ | M38: =+SUM(M37:M37) -> 0
A39: IV. MANO DE OBRA
A42: TRABAJADOR | H42: JORNAL | I42: PRESTACIONES | J42: JORNAL TOTAL | K42: RENDIMIENTO | M42: Vr. UNITARIO
A43: OFICIAL | H43: 70000 | I43: 0.86 | J43: =+ROUND(H43*(1+I43),0) -> 130200 | K43: 15 | M43: =+ROUND(J43/K43,0) -> 8680
A44: 2 AYUDANTE | H44: =2*47500 -> 95000 | I44: 0.86 | J44: =+ROUND(H44*(1+I44),0) -> 176700 | K44: 15 | M44: =IF(K44>0,ROUND(J44/K44,0),0) -> 11780
A47: SUBTOTAL $ | M47: =+SUM(M43:M46) -> 20460
A50: TOTAL COSTO DIRECTO $ | M50: =+M18+M32+M38+M47 -> 127906
A52: CONTRATISTA: | G52: INTERVENTOR:
A58: Firma: | G58: Firma:
A59: OSCAR MEJIA ESCOBAR | G59: RAMON LOPEZ CAMARGO
A60: RL. SAICO INGENIERIA S.A.S | G60: RL. SOLUCIONES R&S S.A.S

Sheet NP17
A2: Consejo Superior de la Judicatura Dirección Seccional de Administración Judicial Sincelejo – Sucre
A3: =+'BALANCE NRO 2'!G4 -> ADECUACIONES LOCATIVAS Y REFORZAMIENTO ESTRUCTURAL A LA SEDE JUDICIAL DEL MUNICIPIO DE TOLUVIEJO SUCRE
A4: ANALISIS DE PRECIOS UNITARIOS
A6: DATOS ESPECÍFICOS
A8: ITEM | B8: DESCRIPCIÓN | K8: UNIDAD | M8: CANTIDAD
A9: =+'BALANCE NRO 2'!#REF! -> #REF! | B9: =+'BALANCE NRO 2'!#REF! -> #REF! | K9: =+'BALANCE NRO 2'!#REF! -> #REF! | M9: =+'BALANCE NRO 2'!#REF! -> #REF!
A10: I. EQUIPO
A13: DESCRIPCIÓN | F13: MARCA | H13: TIPO | J13: TARIFA/HORA | K13: RENDIMIENTO | M13: Vr. UNITARIO
A14: HERRAMAMIENTAS MENORES 10% M.O | M14: =0.1*M44 -> 5115
M15: =K15*J15 -> 0
A18: SUBTOTAL $ | M18: =+ROUND(SUM(M14:M17),0) -> 5115
A19: II. MATERIALES
A22: DESCRIPCIÓN | I22: UNIDAD | J22: CANTIDAD | K22: PRECIO UNIT. | M22: Vr. UNITARIO
A23: TOMA TELEFONICA RJ11 LUZICA BLANCO | I23: UND | J23: 1 | K23: 17900 | M23: =+J23*K23 -> 17900
A24: CAJA 4X4 | I24: UND | J24: 1 | K24: 1000 | M24: =+J24*K24 -> 1000
A25: SUPLEMENTO PVC | I25: UND | J25: 1 | K25: 900 | M25: =+J25*K25 -> 900
A26: CONECTORES | I26: UND | J26: 1 | K26: 900 | M26: =+J26*K26 -> 900
A29: SUBTOTAL $ | M29: =+SUM(M23:M28) -> 20700
A30: III. TRANSPORTES
A33: MATERIAL | H33: VOL. o PESO | I33: DISTANCIA | J33: M3 o Ton/Km | K33: TARIFA | M33: Vr. UNITARIO
M34: =IF(K34>0,ROUND(J34*K34,0),0) -> 0
A35: SUBTOTAL $ | M35: =+SUM(M34:M34) -> 0
A36: IV. MANO DE OBRA
A39: TRABAJADOR | H39: JORNAL | I39: PRESTACIONES | J39: JORNAL TOTAL | K39: RENDIMIENTO | M39: Vr. UNITARIO
A40: OFICIAL | H40: 70000 | I40: 0.86 | J40: =+ROUND(H40*(1+I40),0) -> 130200 | K40: 6 | M40: =+ROUND(J40/K40,0) -> 21700
A41: 2 AYUDANTE | H41: =2*47500 -> 95000 | I41: 0.86 | J41: =+ROUND(H41*(1+I41),0) -> 176700 | K41: 6 | M41: =IF(K41>0,ROUND(J41/K41,0),0) -> 29450
A44: SUBTOTAL $ | M44: =+SUM(M40:M43) -> 51150
A47: TOTAL COSTO DIRECTO $ | M47: =+M18+M29+M35+M44 -> 76965
A49: CONTRATISTA: | G49: INTERVENTOR:
A55: Firma: | G55: Firma:
A56: OSCAR MEJIA ESCOBAR | G56: RAMON LOPEZ CAMARGO
A57: RL. SAICO INGENIERIA S.A.S | G57: RL. SOLUCIONES R&S S.A.S

Sheet NP18
A2: Consejo Superior de la Judicatura Dirección Seccional de Administración Judicial Sincelejo – Sucre
A3: =+'BALANCE NRO 2'!G4 -> ADECUACIONES LOCATIVAS Y REFORZAMIENTO ESTRUCTURAL A LA SEDE JUDICIAL DEL MUNICIPIO DE TOLUVIEJO SUCRE
A4: ANALISIS DE PRECIOS UNITARIOS
A6: DATOS ESPECÍFICOS
A8: ITEM | B8: DESCRIPCIÓN | K8: UNIDAD | M8: CANTIDAD
A9: =+'BALANCE NRO 2'!#REF! -> #REF! | B9: =+'BALANCE NRO 2'!#REF! -> #REF! | K9: =+'BALANCE NRO 2'!#REF! -> #REF! | M9: =+'BALANCE NRO 2'!#REF! -> #REF!
A10: I. EQUIPO
A13: DESCRIPCIÓN | F13: MARCA | H13: TIPO | J13: TARIFA/HORA | K13: RENDIMIENTO | M13: Vr. UNITARIO
A14: HERRAMAMIENTAS MENORES 10% M.O | M14: =0.1*M41 -> 255.8
M15: =K15*J15 -> 0
A18: SUBTOTAL $ | M18: =+ROUND(SUM(M14:M17),0) -> 256
A19: II. MATERIALES
A22: DESCRIPCIÓN | I22: UNIDAD | J22: CANTIDAD | K22: PRECIO UNIT. | M22: Vr. UNITARIO
A23: PATCH CORD CAT 6A 3MT | I23: UND | J23: 1 | K23: 53178 | M23: =IF(K23>0,ROUND(J23*K23,0),0) -> 53178
A26: SUBTOTAL $ | M26: =+M23 -> 53178
A27: III. TRANSPORTES
A30: MATERIAL | H30: VOL. o PESO | I30: DISTANCIA | J30: M3 o Ton/Km | K30: TARIFA | M30: Vr. UNITARIO
M31: =IF(K31>0,ROUND(J31*K31,0),0) -> 0
A32: SUBTOTAL $ | M32: =+SUM(M31:M31) -> 0
A33: IV. MANO DE OBRA
A36: TRABAJADOR | H36: JORNAL | I36: PRESTACIONES | J36: JORNAL TOTAL | K36: RENDIMIENTO | M36: Vr. UNITARIO
A37: OFICIAL | H37: 70000 | I37: 0.86 | J37: =+ROUND(H37*(1+I37),0) -> 130200 | K37: 120 | M37: =+ROUND(J37/K37,0) -> 1085
A38: 2 AYUDANTE | H38: =2*47500 -> 95000 | I38: 0.86 | J38: =+ROUND(H38*(1+I38),0) -> 176700 | K38: 120 | M38: =IF(K38>0,ROUND(J38/K38,0),0) -> 1473
A41: SUBTOTAL $ | M41: =+SUM(M37:M40) -> 2558
A44: TOTAL COSTO DIRECTO $ | M44: =+M18+M26+M32+M41 -> 55992
A46: CONTRATISTA: | G46: INTERVENTOR:
A52: Firma: | G52: Firma:
A53: OSCAR MEJIA ESCOBAR | G53: RAMON LOPEZ CAMARGO
A54: RL. SAICO INGENIERIA S.A.S | G54: RL. SOLUCIONES R&S S.A.S

Sheet NP19
A2: Consejo Superior de la Judicatura Dirección Seccional de Administración Judicial Sincelejo – Sucre
A3: =+'BALANCE NRO 2'!G4 -> ADECUACIONES LOCATIVAS Y REFORZAMIENTO ESTRUCTURAL A LA SEDE JUDICIAL DEL MUNICIPIO DE TOLUVIEJO SUCRE
A4: ANALISIS DE PRECIOS UNITARIOS
A6: DATOS ESPECÍFICOS
A8: ITEM | B8: DESCRIPCIÓN | K8: UNIDAD | M8: CANTIDAD
A9: =+'BALANCE NRO 2'!#REF! -> #REF! | B9: =+'BALANCE NRO 2'!#REF! -> #REF! | K9: =+'BALANCE NRO 2'!#REF! -> #REF! | M9: =+'BALANCE NRO 2'!#REF! -> #REF!
A10: I. EQUIPO
A13: DESCRIPCIÓN | F13: MARCA | H13: TIPO | J13: TARIFA/HORA | K13: RENDIMIENTO | M13: Vr. UNITARIO
A14: HERRAMAMIENTAS MENORES 10% M.O | M14: =0.1*M40 -> 219.2
M15: =K15*J15 -> 0
A18: SUBTOTAL $ | M18: =+ROUND(SUM(M14:M17),0) -> 219
A19: II. MATERIALES
A22: DESCRIPCIÓN | I22: UNIDAD | J22: CANTIDAD | K22: PRECIO UNIT. | M22: Vr. UNITARIO
A23: CABLE UTP CAT 6A | I23: ML | J23: 1 | K23: 4776 | M23: =+J23*K23 -> 4776
A25: SUBTOTAL $ | M25: =+SUM(M23:M24) -> 4776
A26: III. TRANSPORTES
A29: MATERIAL | H29: VOL. o PESO | I29: DISTANCIA | J29: M3 o Ton/Km | K29: TARIFA | M29: Vr. UNITARIO
M30: =IF(K30>0,ROUND(J30*K30,0),0) -> 0
A31: SUBTOTAL $ | M31: =+SUM(M30:M30) -> 0
A32: IV. MANO DE OBRA
A35: TRABAJADOR | H35: JORNAL | I35: PRESTACIONES | J35: JORNAL TOTAL | K35: RENDIMIENTO | M35: Vr. UNITARIO
A36: OFICIAL | H36: 70000 | I36: 0.86 | J36: =+ROUND(H36*(1+I36),0) -> 130200 | K36: 140 | M36: =+ROUND(J36/K36,0) -> 930
A37: 2 AYUDANTE | H37: =2*47500 -> 95000 | I37: 0.86 | J37: =+ROUND(H37*(1+I37),0) -> 176700 | K37: 140 | M37: =IF(K37>0,ROUND(J37/K37,0),0) -> 1262
A40: SUBTOTAL $ | M40: =+SUM(M36:M39) -> 2192
A43: TOTAL COSTO DIRECTO $ | M43: =+M18+M25+M31+M40 -> 7187
A45: CONTRATISTA: | G45: INTERVENTOR:
A51: Firma: | G51: Firma:
A52: OSCAR MEJIA ESCOBAR | G52: RAMON LOPEZ CAMARGO
A53: RL. SAICO INGENIERIA S.A.S | G53: RL. SOLUCIONES R&S S.A.S

Sheet NP20
A2: Consejo Superior de la Judicatura Dirección Seccional de Administración Judicial Sincelejo – Sucre
A3: =+'BALANCE NRO 2'!G4 -> ADECUACIONES LOCATIVAS Y REFORZAMIENTO ESTRUCTURAL A LA SEDE JUDICIAL DEL MUNICIPIO DE TOLUVIEJO SUCRE
A4: ANALISIS DE PRECIOS UNITARIOS
A6: DATOS ESPECÍFICOS
A8: ITEM | B8: DESCRIPCIÓN | K8: UNIDAD | M8: CANTIDAD
A9: =+'BALANCE NRO 2'!#REF! -> #REF! | B9: =+'BALANCE NRO 2'!#REF! -> #REF! | K9: =+'BALANCE NRO 2'!#REF! -> #REF! | M9: =+'BALANCE NRO 2'!#REF! -> #REF!
A10: I. EQUIPO
A13: DESCRIPCIÓN | F13: MARCA | H13: TIPO | J13: TARIFA/HORA | K13: RENDIMIENTO | M13: Vr. UNITARIO
A14: HERRAMAMIENTAS MENORES 10% M.O | M14: =0.1*M47 -> 2046
M15: =K15*J15 -> 0
A18: SUBTOTAL $ | M18: =+ROUND(SUM(M14:M17),0) -> 2046
A19: II. MATERIALES
A22: DESCRIPCIÓN | I22: UNIDAD | J22: CANTIDAD | K22: PRECIO UNIT. | M22: Vr. UNITARIO
A23: CURVA DE 1/2" | I23: UND | J23: 1 | K23: 1100 | M23: =+J23*K23 -> 1100
A24: CAJA 4X4 | I24: UND | J24: 1 | K24: 1000 | M24: =+J24*K24 -> 1000
A25: SUPLEMENTO PVC | I25: UND | J25: 1 | K25: 900 | M25: =+J25*K25 -> 900
A26: CONECTORES | I26: UND | J26: 1 | K26: 900 | M26: =+J26*K26 -> 900
A27: CABLE ENCAUCEHTADO | I27: ML | J27: 3 | K27: 5500 | M27: =+J27*K27 -> 16500
A28: LAMPARA LED DE EMERGENCIA 2,4W | I28: UND | J28: 1 | K28: 85000 | M28: =+J28*K28 -> 85000
A32: SUBTOTAL $ | M32: =+SUM(M23:M31) -> 105400
A33: III. TRANSPORTES
A36: MATERIAL | H36: VOL. o PESO | I36: DISTANCIA | J36: M3 o Ton/Km | K36: TARIFA | M36: Vr. UNITARIO
M37: =IF(K37>0,ROUND(J37*K37,0),0) -> 0
A38: SUBTOTAL $ | M38: =+SUM(M37:M37) -> 0
A39: IV. MANO DE OBRA
A42: TRABAJADOR | H42: JORNAL | I42: PRESTACIONES | J42: JORNAL TOTAL | K42: RENDIMIENTO | M42: Vr. UNITARIO
A43: OFICIAL | H43: 70000 | I43: 0.86 | J43: =+ROUND(H43*(1+I43),0) -> 130200 | K43: 15 | M43: =+ROUND(J43/K43,0) -> 8680
A44: 2 AYUDANTE | H44: =2*47500 -> 95000 | I44: 0.86 | J44: =+ROUND(H44*(1+I44),0) -> 176700 | K44: 15 | M44: =IF(K44>0,ROUND(J44/K44,0),0) -> 11780
A47: SUBTOTAL $ | M47: =+SUM(M43:M46) -> 20460
A50: TOTAL COSTO DIRECTO $ | M50: =+M18+M32+M38+M47 -> 127906
A52: CONTRATISTA: | G52: INTERVENTOR:
A58: Firma: | G58: Firma:
A59: OSCAR MEJIA ESCOBAR | G59: RAMON LOPEZ CAMARGO
A60: RL. SAICO INGENIERIA S.A.S | G60: RL. SOLUCIONES R&S S.A.S

Sheet NP25
A2: Consejo Superior de la Judicatura Dirección Seccional de Administración Judicial Sincelejo – Sucre
A3: =+'BALANCE NRO 2'!G4 -> ADECUACIONES LOCATIVAS Y REFORZAMIENTO ESTRUCTURAL A LA SEDE JUDICIAL DEL MUNICIPIO DE TOLUVIEJO SUCRE
A4: ANALISIS DE PRECIOS UNITARIOS
A6: DATOS ESPECÍFICOS
A8: ITEM | B8: DESCRIPCIÓN | K8: UNIDAD | M8: CANTIDAD
A9: =+'BALANCE NRO 2'!#REF! -> #REF! | B9: =+'BALANCE NRO 2'!#REF! -> #REF! | K9: =+'BALANCE NRO 2'!#REF! -> #REF! | M9: =+'BALANCE NRO 2'!#REF! -> #REF!
A10: I. EQUIPO
A13: DESCRIPCIÓN | F13: MARCA | H13: TIPO | J13: TARIFA/HORA | K13: RENDIMIENTO | M13: Vr. UNITARIO
A14: HERRAMAMIENTAS MENORES 10% M.O | M14: =0.1*M47 -> 15345
M15: =K15*J15 -> 0
A18: SUBTOTAL $ | M18: =+ROUND(SUM(M14:M17),0) -> 15345
A19: II. MATERIALES
A22: DESCRIPCIÓN | I22: UNIDAD | J22: CANTIDAD | K22: PRECIO UNIT. | M22: Vr. UNITARIO
A23: TUBERIA COBRE 1/2 | I23: ML | J23: 5 | K23: 22000 | M23: =+J23*K23 -> 110000
A24: TUBERIA COBRE 1/4 | I24: ML | J24: 5 | K24: 13000 | M24: =+J24*K24 -> 65000
A25: RUBATEX 5/8 | I25: ML | J25: 5 | K25: 5000 | M25: =+J25*K25 -> 25000
A26: CABLE ENCAUCHETADO 4X14 | I26: ML | J26: 5 | K26: 5000 | M26: =+J26*K26 -> 25000
A27: CINTA FOIL | I27: ROLLO | J27: 1 | K27: 37000 | M27: =+J27*K27 -> 37000
A32: SUBTOTAL $ | M32: =+SUM(M23:M31) -> 262000
A33: III. TRANSPORTES
A36: MATERIAL | H36: VOL. o PESO | I36: DISTANCIA | J36: M3 o Ton/Km | K36: TARIFA | M36: Vr. UNITARIO
M37: =IF(K37>0,ROUND(J37*K37,0),0) -> 0
A38: SUBTOTAL $ | M38: =+SUM(M37:M37) -> 0
A39: IV. MANO DE OBRA
A42: TRABAJADOR | H42: JORNAL | I42: PRESTACIONES | J42: JORNAL TOTAL | K42: RENDIMIENTO | M42: Vr. UNITARIO
A43: OFICIAL | H43: 70000 | I43: 0.86 | J43: =+ROUND(H43*(1+I43),0) -> 130200 | K43: 2 | M43: =+ROUND(J43/K43,0) -> 65100
A44: 2 AYUDANTE | H44: =2*47500 -> 95000 | I44: 0.86 | J44: =+ROUND(H44*(1+I44),0) -> 176700 | K44: 2 | M44: =IF(K44>0,ROUND(J44/K44,0),0) -> 88350
A47: SUBTOTAL $ | M47: =+SUM(M43:M46) -> 153450
A50: TOTAL COSTO DIRECTO $ | M50: =+M18+M32+M38+M47 -> 430795
A52: CONTRATISTA: | G52: INTERVENTOR:
A58: Firma: | G58: Firma:
A59: OSCAR MEJIA ESCOBAR | G59: RAMON LOPEZ CAMARGO
A60: RL. SAICO INGENIERIA S.A.S | G60: RL. SOLUCIONES R&S S.A.S

Sheet NP26
A2: Consejo Superior de la Judicatura Dirección Seccional de Administración Judicial Sincelejo – Sucre
A3: =+'BALANCE NRO 2'!G4 -> ADECUACIONES LOCATIVAS Y REFORZAMIENTO ESTRUCTURAL A LA SEDE JUDICIAL DEL MUNICIPIO DE TOLUVIEJO SUCRE
A4: ANALISIS DE PRECIOS UNITARIOS
A6: DATOS ESPECÍFICOS
A8: ITEM | B8: DESCRIPCIÓN | K8: UNIDAD | M8: CANTIDAD
A9: =+'BALANCE NRO 2'!#REF! -> #REF! | B9: =+'BALANCE NRO 2'!#REF! -> #REF! | K9: =+'BALANCE NRO 2'!#REF! -> #REF! | M9: =+'BALANCE NRO 2'!#REF! -> #REF!
A10: I. EQUIPO
A13: DESCRIPCIÓN | F13: MARCA | H13: TIPO | J13: TARIFA/HORA | K13: RENDIMIENTO | M13: Vr. UNITARIO
A14: HERRAMAMIENTAS MENORES 10% M.O | M14: =0.1*M47 -> 15345
M15: =K15*J15 -> 0
A18: SUBTOTAL $ | M18: =+ROUND(SUM(M14:M17),0) -> 15345
A19: II. MATERIALES
A22: DESCRIPCIÓN | I22: UNIDAD | J22: CANTIDAD | K22: PRECIO UNIT. | M22: Vr. UNITARIO
A23: TUBERIA COBRE 1/2 | I23: ML | J23: 5 | K23: 22000 | M23: =+J23*K23 -> 110000
A24: TUBERIA COBRE 5/8 | I24: ML | J24: 5 | K24: 32000 | M24: =+J24*K24 -> 160000
A25: RUBATEX 7/8 | I25: ML | J25: 5 | K25: 7000 | M25: =+J25*K25 -> 35000
A26: CABLE ENCAUCHETADO 4X14 | I26: ML | J26: 5 | K26: 5000 | M26: =+J26*K26 -> 25000
A27: CINTA FOIL | I27: ROLLO | J27: 1 | K27: 37000 | M27: =+J27*K27 -> 37000
A32: SUBTOTAL $ | M32: =+SUM(M23:M31) -> 367000
A33: III. TRANSPORTES
A36: MATERIAL | H36: VOL. o PESO | I36: DISTANCIA | J36: M3 o Ton/Km | K36: TARIFA | M36: Vr. UNITARIO
M37: =IF(K37>0,ROUND(J37*K37,0),0) -> 0
A38: SUBTOTAL $ | M38: =+SUM(M37:M37) -> 0
A39: IV. MANO DE OBRA
A42: TRABAJADOR | H42: JORNAL | I42: PRESTACIONES | J42: JORNAL TOTAL | K42: RENDIMIENTO | M42: Vr. UNITARIO
A43: OFICIAL | H43: 70000 | I43: 0.86 | J43: =+ROUND(H43*(1+I43),0) -> 130200 | K43: 2 | M43: =+ROUND(J43/K43,0) -> 65100
A44: 2 AYUDANTE | H44: =2*47500 -> 95000 | I44: 0.86 | J44: =+ROUND(H44*(1+I44),0) -> 176700 | K44: 2 | M44: =IF(K44>0,ROUND(J44/K44,0),0) -> 88350
A47: SUBTOTAL $ | M47: =+SUM(M43:M46) -> 153450
A50: TOTAL COSTO DIRECTO $ | M50: =+M18+M32+M38+M47 -> 535795
A52: CONTRATISTA: | G52: INTERVENTOR:
A58: Firma: | G58: Firma:
A59: OSCAR MEJIA ESCOBAR | G59: RAMON LOPEZ CAMARGO
A60: RL. SAICO INGENIERIA S.A.S | G60: RL. SOLUCIONES R&S S.A.S

Sheet NP27
A2: Consejo Superior de la Judicatura Dirección Seccional de Administración Judicial Sincelejo – Sucre
A3: =+'BALANCE NRO 2'!G4 -> ADECUACIONES LOCATIVAS Y REFORZAMIENTO ESTRUCTURAL A LA SEDE JUDICIAL DEL MUNICIPIO DE TOLUVIEJO SUCRE
A4: ANALISIS DE PRECIOS UNITARIOS
A6: DATOS ESPECÍFICOS
A8: ITEM | B8: DESCRIPCIÓN | K8: UNIDAD | M8: CANTIDAD
A9: =+'BALANCE NRO 2'!#REF! -> #REF! | B9: =+'BALANCE NRO 2'!#REF! -> #REF! | K9: =+'BALANCE NRO 2'!#REF! -> #REF! | M9: =+'BALANCE NRO 2'!#REF! -> #REF!
A10: I. EQUIPO
A13: DESCRIPCIÓN | F13: MARCA | H13: TIPO | J13: TARIFA/HORA | K13: RENDIMIENTO | M13: Vr. UNITARIO
A14: HERRAMAMIENTAS MENORES 10% M.O | M14: =0.1*M42 -> 438.4
M15: =K15*J15 -> 0
A18: SUBTOTAL $ | M18: =+ROUND(SUM(M14:M17),0) -> 438
A19: II. MATERIALES
A22: DESCRIPCIÓN | I22: UNIDAD | J22: CANTIDAD | K22: PRECIO UNIT. | M22: Vr. UNITARIO
A23: cable #12 AWG (3x12) | I23: ML | J23: 1 | K23: 6500 | M23: =+J23*K23 -> 6500
A27: SUBTOTAL $ | M27: =+SUM(M23:M26) -> 6500
A28: III. TRANSPORTES
A31: MATERIAL | H31: VOL. o PESO | I31: DISTANCIA | J31: M3 o Ton/Km | K31: TARIFA | M31: Vr. UNITARIO
M32: =IF(K32>0,ROUND(J32*K32,0),0) -> 0
A33: SUBTOTAL $ | M33: =+SUM(M32:M32) -> 0
A34: IV. MANO DE OBRA
A37: TRABAJADOR | H37: JORNAL | I37: PRESTACIONES | J37: JORNAL TOTAL | K37: RENDIMIENTO | M37: Vr. UNITARIO
A38: OFICIAL | H38: 70000 | I38: 0.86 | J38: =+ROUND(H38*(1+I38),0) -> 130200 | K38: 70 | M38: =+ROUND(J38/K38,0) -> 1860
A39: 2 AYUDANTE | H39: =2*47500 -> 95000 | I39: 0.86 | J39: =+ROUND(H39*(1+I39),0) -> 176700 | K39: 70 | M39: =IF(K39>0,ROUND(J39/K39,0),0) -> 2524
A42: SUBTOTAL $ | M42: =+SUM(M38:M41) -> 4384
A45: TOTAL COSTO DIRECTO $ | M45: =+M18+M27+M33+M42 -> 11322
A47: CONTRATISTA: | G47: INTERVENTOR:
A53: Firma: | G53: Firma:
A54: OSCAR MEJIA ESCOBAR | G54: RAMON LOPEZ CAMARGO
A55: RL. SAICO INGENIERIA S.A.S | G55: RL. SOLUCIONES R&S S.A.S

Sheet NP28
A2: Consejo Superior de la Judicatura Dirección Seccional de Administración Judicial Sincelejo – Sucre
A3: =+'BALANCE NRO 2'!G4 -> ADECUACIONES LOCATIVAS Y REFORZAMIENTO ESTRUCTURAL A LA SEDE JUDICIAL DEL MUNICIPIO DE TOLUVIEJO SUCRE
A4: ANALISIS DE PRECIOS UNITARIOS
A6: DATOS ESPECÍFICOS
A8: ITEM | B8: DESCRIPCIÓN | K8: UNIDAD | M8: CANTIDAD
A9: =+'BALANCE NRO 2'!#REF! -> #REF! | B9: =+'BALANCE NRO 2'!#REF! -> #REF! | K9: =+'BALANCE NRO 2'!#REF! -> #REF! | M9: =+'BALANCE NRO 2'!#REF! -> #REF!
A10: I. EQUIPO
A13: DESCRIPCIÓN | F13: MARCA | H13: TIPO | J13: TARIFA/HORA | K13: RENDIMIENTO | M13: Vr. UNITARIO
A14: HERRAMAMIENTAS MENORES 10% M.O | M14: =0.1*M42 -> 438.4
M15: =K15*J15 -> 0
A18: SUBTOTAL $ | M18: =+ROUND(SUM(M14:M17),0) -> 438
A19: II. MATERIALES
A22: DESCRIPCIÓN | I22: UNIDAD | J22: CANTIDAD | K22: PRECIO UNIT. | M22: Vr. UNITARIO
A23: cable #10 | I23: ML | J23: 2 | K23: 4500 | M23: =+J23*K23 -> 9000
A24: cable #12 | I24: ml | J24: 1 | K24: 3200 | M24: =+J24*K24 -> 3200
A27: SUBTOTAL $ | M27: =+SUM(M23:M26) -> 12200
A28: III. TRANSPORTES
A31: MATERIAL | H31: VOL. o PESO | I31: DISTANCIA | J31: M3 o Ton/Km | K31: TARIFA | M31: Vr. UNITARIO
M32: =IF(K32>0,ROUND(J32*K32,0),0) -> 0
A33: SUBTOTAL $ | M33: =+SUM(M32:M32) -> 0
A34: IV. MANO DE OBRA
A37: TRABAJADOR | H37: JORNAL | I37: PRESTACIONES | J37: JORNAL TOTAL | K37: RENDIMIENTO | M37: Vr. UNITARIO
A38: OFICIAL | H38: 70000 | I38: 0.86 | J38: =+ROUND(H38*(1+I38),0) -> 130200 | K38: 70 | M38: =+ROUND(J38/K38,0) -> 1860
A39: 2 AYUDANTE | H39: =2*47500 -> 95000 | I39: 0.86 | J39: =+ROUND(H39*(1+I39),0) -> 176700 | K39: 70 | M39: =IF(K39>0,ROUND(J39/K39,0),0) -> 2524
A42: SUBTOTAL $ | M42: =+SUM(M38:M41) -> 4384
A45: TOTAL COSTO DIRECTO $ | M45: =+M18+M27+M33+M42 -> 17022
A47: CONTRATISTA: | G47: INTERVENTOR:
A53: Firma: | G53: Firma:
A54: OSCAR MEJIA ESCOBAR | G54: RAMON LOPEZ CAMARGO
A55: RL. SAICO INGENIERIA S.A.S | G55: RL. SOLUCIONES R&S S.A.S

Sheet NP29
A2: Consejo Superior de la Judicatura Dirección Seccional de Administración Judicial Sincelejo – Sucre
A3: =+'BALANCE NRO 2'!G4 -> ADECUACIONES LOCATIVAS Y REFORZAMIENTO ESTRUCTURAL A LA SEDE JUDICIAL DEL MUNICIPIO DE TOLUVIEJO SUCRE
A4: ANALISIS DE PRECIOS UNITARIOS
A6: DATOS ESPECÍFICOS
A8: ITEM | B8: DESCRIPCIÓN | K8: UNIDAD | M8: CANTIDAD
A9: =+'BALANCE NRO 2'!#REF! -> #REF! | B9: =+'BALANCE NRO 2'!#REF! -> #REF! | K9: =+'BALANCE NRO 2'!#REF! -> #REF! | M9: =+'BALANCE NRO 2'!#REF! -> #REF!
A10: I. EQUIPO
A13: DESCRIPCIÓN | F13: MARCA | H13: TIPO | J13: TARIFA/HORA | K13: RENDIMIENTO | M13: Vr. UNITARIO
A14: HERRAMAMIENTAS MENORES 10% M.O | M14: =0.1*M46 -> 2046
M15: =K15*J15 -> 0
A18: SUBTOTAL $ | M18: =+ROUND(SUM(M14:M17),0) -> 2046
A19: II. MATERIALES
A22: DESCRIPCIÓN | I22: UNIDAD | J22: CANTIDAD | K22: PRECIO UNIT. | M22: Vr. UNITARIO
A23: BANDEJA TIPO MALLA 10X5,4 X 3M | I23: UND | J23: 0.33 | K23: 75000 | M23: =+J23*K23 -> 24750
A24: ELEMENTOS DE SUJECION | I24: UND | J24: 1 | K24: 18000 | M24: =+J24*K24 -> 18000
A31: SUBTOTAL $ | M31: =+SUM(M23:M30) -> 42750
A32: III. TRANSPORTES
A35: MATERIAL | H35: VOL. o PESO | I35: DISTANCIA | J35: M3 o Ton/Km | K35: TARIFA | M35: Vr. UNITARIO
M36: =IF(K36>0,ROUND(J36*K36,0),0) -> 0
A37: SUBTOTAL $ | M37: =+SUM(M36:M36) -> 0
A38: IV. MANO DE OBRA
A41: TRABAJADOR | H41: JORNAL | I41: PRESTACIONES | J41: JORNAL TOTAL | K41: RENDIMIENTO | M41: Vr. UNITARIO
A42: OFICIAL | H42: 70000 | I42: 0.86 | J42: =+ROUND(H42*(1+I42),0) -> 130200 | K42: 15 | M42: =+ROUND(J42/K42,0) -> 8680
A43: 2 AYUDANTE | H43: =2*47500 -> 95000 | I43: 0.86 | J43: =+ROUND(H43*(1+I43),0) -> 176700 | K43: 15 | M43: =IF(K43>0,ROUND(J43/K43,0),0) -> 11780
A46: SUBTOTAL $ | M46: =+SUM(M42:M45) -> 20460
A49: TOTAL COSTO DIRECTO $ | M49: =+M18+M31+M37+M46 -> 65256
A51: CONTRATISTA: | G51: INTERVENTOR:
A57: Firma: | G57: Firma:
A58: OSCAR MEJIA ESCOBAR | G58: RAMON LOPEZ CAMARGO
A59: RL. SAICO INGENIERIA S.A.S | G59: RL. SOLUCIONES R&S S.A.S

Sheet NP30
A2: Consejo Superior de la Judicatura Dirección Seccional de Administración Judicial Sincelejo – Sucre
A3: =+'BALANCE NRO 2'!G4 -> ADECUACIONES LOCATIVAS Y REFORZAMIENTO ESTRUCTURAL A LA SEDE JUDICIAL DEL MUNICIPIO DE TOLUVIEJO SUCRE
A4: ANALISIS DE PRECIOS UNITARIOS
A6: DATOS ESPECÍFICOS
A8: ITEM | B8: DESCRIPCIÓN | K8: UNIDAD | M8: CANTIDAD
A9: =+'BALANCE NRO 2'!#REF! -> #REF! | B9: =+'BALANCE NRO 2'!#REF! -> #REF! | K9: =+'BALANCE NRO 2'!#REF! -> #REF! | M9: =+'BALANCE NRO 2'!#REF! -> #REF!
A10: I. EQUIPO
A13: DESCRIPCIÓN | F13: MARCA | H13: TIPO | J13: TARIFA/HORA | K13: RENDIMIENTO | M13: Vr. UNITARIO
A14: HERRAMAMIENTAS MENORES 10% M.O | M14: =0.1*M47 -> 2046
M15: =K15*J15 -> 0
A18: SUBTOTAL $ | M18: =+ROUND(SUM(M14:M17),0) -> 2046
A19: II. MATERIALES
A22: DESCRIPCIÓN | I22: UNIDAD | J22: CANTIDAD | K22: PRECIO UNIT. | M22: Vr. UNITARIO
A23: CAJA DOBLE FONDO | I23: UND | J23: 1 | K23: 7500 | M23: =+J23*K23 -> 7500
A24: PRENSAESTOPAS 3/4 PULG | I24: UND | J24: 1 | K24: 6200 | M24: =+J24*K24 -> 6200
A25: TERMINALES 1 | I25: UND | J25: 1 | K25: 3500 | M25: =+J25*K25 -> 3500
A32: SUBTOTAL $ | M32: =+SUM(M23:M31) -> 17200
A33: III. TRANSPORTES
A36: MATERIAL | H36: VOL. o PESO | I36: DISTANCIA | J36: M3 o Ton/Km | K36: TARIFA | M36: Vr. UNITARIO
M37: =IF(K37>0,ROUND(J37*K37,0),0) -> 0
A38: SUBTOTAL $ | M38: =+SUM(M37:M37) -> 0
A39: IV. MANO DE OBRA
A42: TRABAJADOR | H42: JORNAL | I42: PRESTACIONES | J42: JORNAL TOTAL | K42: RENDIMIENTO | M42: Vr. UNITARIO
A43: OFICIAL | H43: 70000 | I43: 0.86 | J43: =+ROUND(H43*(1+I43),0) -> 130200 | K43: 15 | M43: =+ROUND(J43/K43,0) -> 8680
A44: 2 AYUDANTE | H44: =2*47500 -> 95000 | I44: 0.86 | J44: =+ROUND(H44*(1+I44),0) -> 176700 | K44: 15 | M44: =IF(K44>0,ROUND(J44/K44,0),0) -> 11780
A47: SUBTOTAL $ | M47: =+SUM(M43:M46) -> 20460
A50: TOTAL COSTO DIRECTO $ | M50: =+M18+M32+M38+M47 -> 39706
A52: CONTRATISTA: | G52: INTERVENTOR:
A58: Firma: | G58: Firma:
A59: OSCAR MEJIA ESCOBAR | G59: RAMON LOPEZ CAMARGO
A60: RL. SAICO INGENIERIA S.A.S | G60: RL. SOLUCIONES R&S S.A.S

Sheet NP31
A2: Consejo Superior de la Judicatura Dirección Seccional de Administración Judicial Sincelejo – Sucre
A3: =+'BALANCE NRO 2'!G4 -> ADECUACIONES LOCATIVAS Y REFORZAMIENTO ESTRUCTURAL A LA SEDE JUDICIAL DEL MUNICIPIO DE TOLUVIEJO SUCRE
A4: ANALISIS DE PRECIOS UNITARIOS
A6: DATOS ESPECÍFICOS
A8: ITEM | B8: DESCRIPCIÓN | K8: UNIDAD | M8: CANTIDAD
A9: =+'BALANCE NRO 2'!#REF! -> #REF! | B9: =+'BALANCE NRO 2'!#REF! -> #REF! | K9: =+'BALANCE NRO 2'!#REF! -> #REF! | M9: =+'BALANCE NRO 2'!#REF! -> #REF!
A10: I. EQUIPO
A13: DESCRIPCIÓN | F13: MARCA | H13: TIPO | J13: TARIFA/HORA | K13: RENDIMIENTO | M13: Vr. UNITARIO
A14: HERRAMAMIENTAS MENORES 10% M.O | M14: =0.1*M42 -> 3069
M15: =K15*J15 -> 0
A18: SUBTOTAL $ | M18: =+ROUND(SUM(M14:M17),0) -> 3069
A19: II. MATERIALES
A22: DESCRIPCIÓN | I22: UNIDAD | J22: CANTIDAD | K22: PRECIO UNIT. | M22: Vr. UNITARIO
A23: REGISTRO 60X60 | I23: UND | J23: 1 | K23: 35000 | M23: =+J23*K23 -> 35000
A27: SUBTOTAL $ | M27: =+SUM(M23:M26) -> 35000
A28: III. TRANSPORTES
A31: MATERIAL | H31: VOL. o PESO | I31: DISTANCIA | J31: M3 o Ton/Km | K31: TARIFA | M31: Vr. UNITARIO
M32: =IF(K32>0,ROUND(J32*K32,0),0) -> 0
A33: SUBTOTAL $ | M33: =+SUM(M32:M32) -> 0
A34: IV. MANO DE OBRA
A37: TRABAJADOR | H37: JORNAL | I37: PRESTACIONES | J37: JORNAL TOTAL | K37: RENDIMIENTO | M37: Vr. UNITARIO
A38: OFICIAL | H38: 70000 | I38: 0.86 | J38: =+ROUND(H38*(1+I38),0) -> 130200 | K38: 10 | M38: =+ROUND(J38/K38,0) -> 13020
A39: 2 AYUDANTE | H39: =2*47500 -> 95000 | I39: 0.86 | J39: =+ROUND(H39*(1+I39),0) -> 176700 | K39: 10 | M39: =IF(K39>0,ROUND(J39/K39,0),0) -> 17670
A42: SUBTOTAL $ | M42: =+SUM(M38:M41) -> 30690
A45: TOTAL COSTO DIRECTO $ | M45: =+M18+M27+M33+M42 -> 68759
A47: CONTRATISTA: | G47: INTERVENTOR:
A53: Firma: | G53: Firma:
A54: OSCAR MEJIA ESCOBAR | G54: RAMON LOPEZ CAMARGO
A55: RL. SAICO INGENIERIA S.A.S | G55: RL. SOLUCIONES R&S S.A.S

Sheet NP33
A2: Consejo Superior de la Judicatura Dirección Seccional de Administración Judicial Sincelejo – Sucre
A3: =+'BALANCE NRO 2'!G4 -> ADECUACIONES LOCATIVAS Y REFORZAMIENTO ESTRUCTURAL A LA SEDE JUDICIAL DEL MUNICIPIO DE TOLUVIEJO SUCRE
A4: ANALISIS DE PRECIOS UNITARIOS
A6: DATOS ESPECÍFICOS
A8: ITEM | B8: DESCRIPCIÓN | K8: UNIDAD | M8: CANTIDAD
A9: =+'BALANCE NRO 2'!#REF! -> #REF! | B9: =+'BALANCE NRO 2'!#REF! -> #REF! | K9: =+'BALANCE NRO 2'!#REF! -> #REF! | M9: =+'BALANCE NRO 2'!#REF! -> #REF!
A10: I. EQUIPO
A13: DESCRIPCIÓN | F13: MARCA | H13: TIPO | J13: TARIFA/HORA | K13: RENDIMIENTO | M13: Vr. UNITARIO
A14: HERRAMAMIENTAS MENORES 10% M.O | M14: =0.1*M44 -> 15345
M15: =K15*J15 -> 0
A18: SUBTOTAL $ | M18: =+ROUND(SUM(M14:M17),0) -> 15345
A19: II. MATERIALES
A22: DESCRIPCIÓN | I22: UNIDAD | J22: CANTIDAD | K22: PRECIO UNIT. | M22: Vr. UNITARIO
A23: ESTRUCTURA METALICA | I23: UND | J23: 1 | K23: 150000 | M23: =+J23*K23 -> 150000
A24: CUBIERTA | I24: M2 | J24: 0.7 | K24: 42000 | M24: =+J24*K24 -> 29400
A25: TORNILLO AUTOPERFORANTE | I25: UND | J25: 3.5 | K25: 1550 | M25: =+J25*K25 -> 5425
A29: SUBTOTAL $ | M29: =+SUM(M23:M28) -> 184825
A30: III. TRANSPORTES
A33: MATERIAL | H33: VOL. o PESO | I33: DISTANCIA | J33: M3 o Ton/Km | K33: TARIFA | M33: Vr. UNITARIO
M34: =IF(K34>0,ROUND(J34*K34,0),0) -> 0
A35: SUBTOTAL $ | M35: =+SUM(M34:M34) -> 0
A36: IV. MANO DE OBRA
A39: TRABAJADOR | H39: JORNAL | I39: PRESTACIONES | J39: JORNAL TOTAL | K39: RENDIMIENTO | M39: Vr. UNITARIO
A40: OFICIAL | H40: 70000 | I40: 0.86 | J40: =+ROUND(H40*(1+I40),0) -> 130200 | K40: 2 | M40: =+ROUND(J40/K40,0) -> 65100
A41: 2 AYUDANTE | H41: =2*47500 -> 95000 | I41: 0.86 | J41: =+ROUND(H41*(1+I41),0) -> 176700 | K41: 2 | M41: =IF(K41>0,ROUND(J41/K41,0),0) -> 88350
A44: SUBTOTAL $ | M44: =+SUM(M40:M43) -> 153450
A47: TOTAL COSTO DIRECTO $ | M47: =+M18+M29+M35+M44 -> 353620
A49: CONTRATISTA: | G49: INTERVENTOR:
A55: Firma: | G55: Firma:
A56: OSCAR MEJIA ESCOBAR | G56: RAMON LOPEZ CAMARGO
A57: RL. SAICO INGENIERIA S.A.S | G57: RL. SOLUCIONES R&S S.A.S

Sheet NP39
A1: Consejo Superior de la Judicatura Dirección Seccional de Administración Judicial Sincelejo – Sucre
A2: =+#REF! -> #REF!
A3: ANALISIS DE PRECIOS UNITARIOS
A5: DATOS ESPECÍFICOS
A7: ITEM | B7: DESCRIPCIÓN | K7: UNIDAD | M7: CANTIDAD
A8: =+'BALANCE NRO 2'!#REF! -> #REF! | B8: =+'BALANCE NRO 2'!#REF! -> #REF! | K8: =+'BALANCE NRO 2'!#REF! -> #REF! | M8: =+'BALANCE NRO 2'!#REF! -> #REF!
A9: I. EQUIPO
A12: DESCRIPCIÓN | F12: MARCA | H12: TIPO | J12: TARIFA/DIA | K12: RENDIMIENTO | M12: Vr. UNITARIO
A13: HERRAMAMIENTAS MENORES 10% M.O | M13: =ROUND(0.1*M39,0) -> 10230
A17: SUBTOTAL $ | M17: =+SUM(M13:M16) -> 10230
A18: II. MATERIALES
A21: DESCRIPCIÓN | I21: UNIDAD | J21: CANTIDAD | K21: PRECIO UNIT. | M21: Vr. UNITARIO
A22: CEMENTO BLANCO NARE | I22: KG | J22: 6.3 | K22: 2500 | M22: =+J22*K22 -> 15750
A23: GRANITO NRO 2 | I23: KG | J23: 2 | K23: 8400 | M23: =+J23*K23 -> 16800
A24: MORTERO 1:6 HECHO EN OBRA | I24: KG | J24: 0.02 | K24: 325000 | M24: =+J24*K24 -> 6500
A25: PIRLAN PARA ESCALERA 1`` ALUMIN | I25: UND | J25: 0.5 | K25: 75000 | M25: =+J25*K25 -> 37500
A26: SUBTOTAL $ | M26: =+SUM(M22:M25) -> 76550
A27: III. TRANSPORTES
A30: MATERIAL | H30: VOL. o PESO | I30: DISTANCIA | J30: M3 o Ton/Km | K30: TARIFA | M30: Vr. UNITARIO
M31: =IF(K31>0,ROUND(J31*K31,0),0) -> 0
A32: SUBTOTAL $ | M32: =+SUM(M31:M31) -> 0
A33: IV. MANO DE OBRA
A36: TRABAJADOR | H36: JORNAL | I36: PRESTACIONES | J36: JORNAL TOTAL | K36: RENDIMIENTO | M36: Vr. UNITARIO
A37: OFICIAL | H37: 65000 | I37: 0.86 | J37: =+ROUND(H37*(1+I37),0) -> 120900 | K37: 2 | M37: =IF(K37>0,ROUND(J37/K37,0),0) -> 60450
A38: 1 AYUDANTE | H38: 45000 | I38: 0.86 | J38: =+ROUND(H38*(1+I38),0) -> 83700 | K38: 2 | M38: =IF(K38>0,ROUND(J38/K38,0),0) -> 41850
A39: SUBTOTAL $ | M39: =+SUM(M37:M38) -> 102300
A41: TOTAL COSTO DIRECTO $ | M41: =+M17+M26+M32+M39 -> 189080
A43: PRECIO UNITARIO TOTAL APROXIMADO AL PESO | M43: =+M41 -> 189080
A45: CONTRATISTA: | G45: INTERVENTOR:
A51: Firma: | G51: Firma:
A52: OSCAR MEJIA ESCOBAR | G52: RAMON LOPEZ CAMARGO
A53: RL. SAICO INGENIERIA S.A.S | G53: RL. SOLUCIONES R&S S.A.S

Sheet NP42
A1: Consejo Superior de la Judicatura Dirección Seccional de Administración Judicial Sincelejo – Sucre
A2: =+#REF! -> #REF!
A3: ANALISIS DE PRECIOS UNITARIOS
A5: DATOS ESPECÍFICOS
A7: ITEM | B7: DESCRIPCIÓN | K7: UNIDAD | M7: CANTIDAD
A8: =+'BALANCE NRO 2'!#REF! -> #REF! | B8: =+'BALANCE NRO 2'!#REF! -> #REF! | K8: =+'BALANCE NRO 2'!C56 -> m2 | M8: =+'BALANCE NRO 2'!#REF! -> #REF!
A9: I. EQUIPO
A12: DESCRIPCIÓN | F12: MARCA | H12: TIPO | J12: TARIFA/DIA | K12: RENDIMIENTO | M12: Vr. UNITARIO
A13: HERRAMAMIENTAS MENORES 10% M.O | M13: =ROUND(0.1*M39,0) -> 1574
A14: CUERPO ANDAMIO | J14: 1856 | K14: 3 | M14: =+J14*K14 -> 5568
A15: TABLÓN | J15: 1560 | K15: 3 | M15: =+J15*K15 -> 4680
A17: SUBTOTAL $ | M17: =+SUM(M13:M16) -> 11822
A18: II. MATERIALES
A21: DESCRIPCIÓN | I21: UNIDAD | J21: CANTIDAD | K21: PRECIO UNIT. | M21: Vr. UNITARIO
A22: mortero 1:4 | I22: m3 | J22: 0.02 | K22: 365000 | M22: =+J22*K22 -> 7300
A26: SUBTOTAL $ | M26: =+SUM(M22:M25) -> 7300
A27: III. TRANSPORTES
A30: MATERIAL | H30: VOL. o PESO | I30: DISTANCIA | J30: M3 o Ton/Km | K30: TARIFA | M30: Vr. UNITARIO
M31: =IF(K31>0,ROUND(J31*K31,0),0) -> 0
A32: SUBTOTAL $ | M32: =+SUM(M31:M31) -> 0
A33: IV. MANO DE OBRA
A36: TRABAJADOR | H36: JORNAL | I36: PRESTACIONES | J36: JORNAL TOTAL | K36: RENDIMIENTO | M36: Vr. UNITARIO
A37: OFICIAL | H37: 65000 | I37: 0.86 | J37: =+ROUND(H37*(1+I37),0) -> 120900 | K37: 13 | M37: =IF(K37>0,ROUND(J37/K37,0),0) -> 9300
A38: 1 AYUDANTE | H38: 45000 | I38: 0.86 | J38: =+ROUND(H38*(1+I38),0) -> 83700 | K38: 13 | M38: =IF(K38>0,ROUND(J38/K38,0),0) -> 6438
A39: SUBTOTAL $ | M39: =+SUM(M37:M38) -> 15738
A41: TOTAL COSTO DIRECTO $ | M41: =+M17+M26+M32+M39 -> 34860
A43: PRECIO UNITARIO TOTAL APROXIMADO AL PESO | M43: =+M41 -> 34860
A45: CONTRATISTA: | G45: INTERVENTOR:
A51: Firma: | G51: Firma:
A52: OSCAR MEJIA ESCOBAR | G52: RAMON LOPEZ CAMARGO
A53: RL. SAICO INGENIERIA S.A.S | G53: RL. SOLUCIONES R&S S.A.S

Sheet NP48
A1: Consejo Superior de la Judicatura Dirección Seccional de Administración Judicial Sincelejo – Sucre
A2: =+#REF! -> #REF!
A3: ANALISIS DE PRECIOS UNITARIOS
A5: DATOS ESPECÍFICOS
A7: ITEM | B7: DESCRIPCIÓN | K7: UNIDAD | M7: CANTIDAD
A8: =+'BALANCE NRO 2'!#REF! -> #REF! | B8: =+'BALANCE NRO 2'!#REF! -> #REF! | K8: =+'BALANCE NRO 2'!#REF! -> #REF! | M8: =+'BALANCE NRO 2'!#REF! -> #REF!
A9: I. EQUIPO
A12: DESCRIPCIÓN | F12: MARCA | H12: TIPO | J12: TARIFA/DIA | K12: RENDIMIENTO | M12: Vr. UNITARIO
A13: HERRAMAMIENTAS MENORES 10% M.O | M13: =ROUND(0.1*M39,0) -> 1705
A17: SUBTOTAL $ | M17: =+SUM(M13:M16) -> 1705
A18: II. MATERIALES
A21: DESCRIPCIÓN | I21: UNIDAD | J21: CANTIDAD | K21: PRECIO UNIT. | M21: Vr. UNITARIO
A22: CAOLIN 25KG | I22: BT | J22: 0.09 | K22: 50000 | M22: =IF(K22>0,ROUND(J22*K22,0),0) -> 4500
A23: CEMENTO GRIS | I23: KG | J23: 0.26 | K23: 750 | M23: =IF(K23>0,ROUND(J23*K23,0),0) -> 195
A24: LIJA | I24: UND | J24: 0.02 | K24: 1300 | M24: =IF(K24>0,ROUND(J24*K24,0),0) -> 26
A25: YESO | I25: BT | J25: 0.01 | K25: 90900 | M25: =IF(K25>0,ROUND(J25*K25,0),0) -> 909
A26: SUBTOTAL $ | M26: =+SUM(M22:M25) -> 5630
A27: III. TRANSPORTES
A30: MATERIAL | H30: VOL. o PESO | I30: DISTANCIA | J30: M3 o Ton/Km | K30: TARIFA | M30: Vr. UNITARIO
M31: =IF(K31>0,ROUND(J31*K31,0),0) -> 0
A32: SUBTOTAL $ | M32: =+SUM(M31:M31) -> 0
A33: IV. MANO DE OBRA
A36: TRABAJADOR | H36: JORNAL | I36: PRESTACIONES | J36: JORNAL TOTAL | K36: RENDIMIENTO | M36: Vr. UNITARIO
A37: OFICIAL | H37: 65000 | I37: 0.86 | J37: =+ROUND(H37*(1+I37),0) -> 120900 | K37: 12 | M37: =IF(K37>0,ROUND(J37/K37,0),0) -> 10075
A38: 1 AYUDANTE | H38: 45000 | I38: 0.86 | J38: =+ROUND(H38*(1+I38),0) -> 83700 | K38: 12 | M38: =IF(K38>0,ROUND(J38/K38,0),0) -> 6975
A39: SUBTOTAL $ | M39: =+SUM(M37:M38) -> 17050
A41: TOTAL COSTO DIRECTO $ | M41: =+M17+M26+M32+M39 -> 24385
A43: PRECIO UNITARIO TOTAL APROXIMADO AL PESO | M43: =+M41 -> 24385
A45: CONTRATISTA: | G45: INTERVENTOR:
A51: Firma: | G51: Firma:
A52: OSCAR MEJIA ESCOBAR | G52: RAMON LOPEZ CAMARGO
A53: RL. SAICO INGENIERIA S.A.S | G53: RL. SOLUCIONES R&S S.A.S

Sheet NP49
A1: Consejo Superior de la Judicatura Dirección Seccional de Administración Judicial Sincelejo – Sucre
A2: =+#REF! -> #REF!
A3: ANALISIS DE PRECIOS UNITARIOS
A5: DATOS ESPECÍFICOS
A7: ITEM | B7: DESCRIPCIÓN | K7: UNIDAD | M7: CANTIDAD
A8: =+'BALANCE NRO 2'!#REF! -> #REF! | B8: =+'BALANCE NRO 2'!#REF! -> #REF! | K8: =+'BALANCE NRO 2'!#REF! -> #REF! | M8: =+'BALANCE NRO 2'!#REF! -> #REF!
A9: I. EQUIPO
A12: DESCRIPCIÓN | F12: MARCA | H12: TIPO | J12: TARIFA/DIA | K12: RENDIMIENTO | M12: Vr. UNITARIO
A13: HERRAMAMIENTAS MENORES 10% M.O | M13: =ROUND(0.1*M39,0) -> 1705
A17: SUBTOTAL $ | M17: =+SUM(M13:M16) -> 1705
A18: II. MATERIALES
A21: DESCRIPCIÓN | I21: UNIDAD | J21: CANTIDAD | K21: PRECIO UNIT. | M21: Vr. UNITARIO
A22: estuco plastico | I22: gln | J22: 0.15 | K22: 97000 | M22: =IF(K22>0,ROUND(J22*K22,0),0) -> 14550
A23: CEMENTO GRIS | I23: KG | J23: 0.26 | K23: 750 | M23: =IF(K23>0,ROUND(J23*K23,0),0) -> 195
A24: LIJA | I24: UND | J24: 0.02 | K24: 1300 | M24: =IF(K24>0,ROUND(J24*K24,0),0) -> 26
A25: YESO | I25: BT | J25: 0.01 | K25: 90900 | M25: =IF(K25>0,ROUND(J25*K25,0),0) -> 909
A26: SUBTOTAL $ | M26: =+SUM(M22:M25) -> 15680
A27: III. TRANSPORTES
A30: MATERIAL | H30: VOL. o PESO | I30: DISTANCIA | J30: M3 o Ton/Km | K30: TARIFA | M30: Vr. UNITARIO
M31: =IF(K31>0,ROUND(J31*K31,0),0) -> 0
A32: SUBTOTAL $ | M32: =+SUM(M31:M31) -> 0
A33: IV. MANO DE OBRA
A36: TRABAJADOR | H36: JORNAL | I36: PRESTACIONES | J36: JORNAL TOTAL | K36: RENDIMIENTO | M36: Vr. UNITARIO
A37: OFICIAL | H37: 65000 | I37: 0.86 | J37: =+ROUND(H37*(1+I37),0) -> 120900 | K37: 12 | M37: =IF(K37>0,ROUND(J37/K37,0),0) -> 10075
A38: 1 AYUDANTE | H38: 45000 | I38: 0.86 | J38: =+ROUND(H38*(1+I38),0) -> 83700 | K38: 12 | M38: =IF(K38>0,ROUND(J38/K38,0),0) -> 6975
A39: SUBTOTAL $ | M39: =+SUM(M37:M38) -> 17050
A41: TOTAL COSTO DIRECTO $ | M41: =+M17+M26+M32+M39 -> 34435
A43: PRECIO UNITARIO TOTAL APROXIMADO AL PESO | M43: =+M41 -> 34435
A45: CONTRATISTA: | G45: INTERVENTOR:
A51: Firma: | G51: Firma:
A52: OSCAR MEJIA ESCOBAR | G52: RAMON LOPEZ CAMARGO
A53: RL. SAICO INGENIERIA S.A.S | G53: RL. SOLUCIONES R&S S.A.S

Sheet NP50
A1: Consejo Superior de la Judicatura Dirección Seccional de Administración Judicial Sincelejo – Sucre
A2: =+#REF! -> #REF!
A3: ANALISIS DE PRECIOS UNITARIOS
A5: DATOS ESPECÍFICOS
A7: ITEM | B7: DESCRIPCIÓN | K7: UNIDAD | M7: CANTIDAD
A8: =+'BALANCE NRO 2'!#REF! -> #REF! | B8: =+'BALANCE NRO 2'!#REF! -> #REF! | K8: =+'BALANCE NRO 2'!#REF! -> #REF! | M8: =+'BALANCE NRO 2'!#REF! -> #REF!
A9: I. EQUIPO
A12: DESCRIPCIÓN | F12: MARCA | H12: TIPO | J12: TARIFA/HORA | K12: RENDIMIENTO | M12: Vr. UNITARIO
A13: HERRAMAMIENTAS MENORES 10% M.O | M13: =ROUND(0.1*M42,0) -> 341
A17: SUBTOTAL $ | M17: =+SUM(M13:M16) -> 341
A18: II. MATERIALES
A21: DESCRIPCIÓN | I21: UNIDAD | J21: CANTIDAD | K21: PRECIO UNIT. | M21: Vr. UNITARIO
A22: CAOLIN 25KG | I22: BT | J22: 0.04 | K22: 50000 | M22: =IF(K22>0,ROUND(J22*K22,0),0) -> 2000
A23: CEMENTO GRIS | I23: KG | J23: 0.26 | K23: 750 | M23: =IF(K23>0,ROUND(J23*K23,0),0) -> 195
A24: LIJA | I24: UND | J24: 0.02 | K24: 1300 | M24: =IF(K24>0,ROUND(J24*K24,0),0) -> 26
A25: YESO | I25: BT | J25: 0.01 | K25: 90900 | M25: =IF(K25>0,ROUND(J25*K25,0),0) -> 909
A27: SUBTOTAL $ | M27: =+SUM(M22:M26) -> 3130
A28: III. TRANSPORTES
A31: MATERIAL | H31: VOL. o PESO | I31: DISTANCIA | J31: M3 o Ton/Km | K31: TARIFA | M31: Vr. UNITARIO
M32: =IF(K32>0,ROUND(J32*K32,0),0) -> 0
A33: SUBTOTAL $ | M33: =+SUM(M32:M32) -> 0
A34: IV. MANO DE OBRA
A37: TRABAJADOR | H37: JORNAL | I37: PRESTACIONES | J37: JORNAL TOTAL | K37: RENDIMIENTO | M37: Vr. UNITARIO
A38: OFICIAL | H38: 65000 | I38: 0.86 | J38: =+ROUND(H38*(1+I38),0) -> 120900 | K38: 60 | M38: =IF(K38>0,ROUND(J38/K38,0),0) -> 2015
A39: 1 AYUDANTE | H39: 45000 | I39: 0.86 | J39: =+ROUND(H39*(1+I39),0) -> 83700 | K39: 60 | M39: =IF(K39>0,ROUND(J39/K39,0),0) -> 1395
A42: SUBTOTAL $ | M42: =+SUM(M38:M41) -> 3410
A44: TOTAL COSTO DIRECTO $ | M44: =+M17+M27+M33+M42 -> 6881
A46: CONTRATISTA: | G46: INTERVENTOR:
A52: Firma: | G52: Firma:
A53: OSCAR MEJIA ESCOBAR | G53: RAMON LOPEZ CAMARGO
A54: RL. SAICO INGENIERIA S.A.S | G54: RL. SOLUCIONES R&S S.A.S

Sheet NP51
A1: Consejo Superior de la Judicatura Dirección Seccional de Administración Judicial Sincelejo – Sucre
A2: =+#REF! -> #REF!
A3: ANALISIS DE PRECIOS UNITARIOS
A5: DATOS ESPECÍFICOS
A7: ITEM | B7: DESCRIPCIÓN | K7: UNIDAD | M7: CANTIDAD
A8: =+'BALANCE NRO 2'!#REF! -> #REF! | B8: =+'BALANCE NRO 2'!#REF! -> #REF! | K8: =+'BALANCE NRO 2'!#REF! -> #REF! | M8: =+'BALANCE NRO 2'!#REF! -> #REF!
A9: I. EQUIPO
A12: DESCRIPCIÓN | F12: MARCA | H12: TIPO | J12: TARIFA/DIA | K12: RENDIMIENTO | M12: Vr. UNITARIO
A13: HERRAMAMIENTAS MENORES 10% M.O | M13: =ROUND(0.1*M42,0) -> 341
A17: SUBTOTAL $ | M17: =+SUM(M13:M16) -> 341
A18: II. MATERIALES
A21: DESCRIPCIÓN | I21: UNIDAD | J21: CANTIDAD | K21: PRECIO UNIT. | M21: Vr. UNITARIO
A22: CAJAS PVC 4X4 | I22: UND | J22: 1 | K22: 1050 | M22: =IF(K22>0,ROUND(J22*K22,0),0) -> 1050
A26: SUBTOTAL $ | M26: =+SUM(M22:M25) -> 1050
A27: III. TRANSPORTES
A30: MATERIAL | H30: VOL. o PESO | I30: DISTANCIA | J30: M3 o Ton/Km | K30: TARIFA | M30: Vr. UNITARIO
A31: estuco plastico | I31: gln | J31: 0.03 | K31: 97000 | M31: =IF(K31>0,ROUND(J31*K31,0),0) -> 2910
A32: CEMENTO GRIS | I32: KG | J32: 0.26 | K32: 750 | M32: =IF(K32>0,ROUND(J32*K32,0),0) -> 195
A33: LIJA | I33: UND | J33: 0.02 | K33: 1300 | M33: =IF(K33>0,ROUND(J33*K33,0),0) -> 26
A34: YESO | I34: BT | J34: 0.01 | K34: 90900 | M34: =IF(K34>0,ROUND(J34*K34,0),0) -> 909
A35: SUBTOTAL $ | M35: =SUM(M31:M34) -> 4040
A36: IV. MANO DE OBRA
A39: TRABAJADOR | H39: JORNAL | I39: PRESTACIONES | J39: JORNAL TOTAL | K39: RENDIMIENTO | M39: Vr. UNITARIO
A40: OFICIAL | H40: 65000 | I40: 0.86 | J40: =+ROUND(H40*(1+I40),0) -> 120900 | K40: 60 | M40: =IF(K40>0,ROUND(J40/K40,0),0) -> 2015
A41: 1 AYUDANTE | H41: 45000 | I41: 0.86 | J41: =+ROUND(H41*(1+I41),0) -> 83700 | K41: 60 | M41: =IF(K41>0,ROUND(J41/K41,0),0) -> 1395
A42: SUBTOTAL $ | M42: =+SUM(M40:M41) -> 3410
A44: TOTAL COSTO DIRECTO $ | M44: =+M17+M26+M35+M42 -> 8841
A46: PRECIO UNITARIO TOTAL APROXIMADO AL PESO | M46: =+M44 -> 8841
A48: CONTRATISTA: | G48: INTERVENTOR:
A54: Firma: | G54: Firma:
A55: OSCAR MEJIA ESCOBAR | G55: RAMON LOPEZ CAMARGO
A56: RL. SAICO INGENIERIA S.A.S | G56: RL. SOLUCIONES R&S S.A.S

Sheet NP52
A1: Consejo Superior de la Judicatura Dirección Seccional de Administración Judicial Sincelejo – Sucre
A2: =+#REF! -> #REF!
A3: ANALISIS DE PRECIOS UNITARIOS
A5: DATOS ESPECÍFICOS
A7: ITEM | B7: DESCRIPCIÓN | K7: UNIDAD | M7: CANTIDAD
A8: =+'BALANCE NRO 2'!#REF! -> #REF! | B8: =+'BALANCE NRO 2'!#REF! -> #REF! | K8: =+'BALANCE NRO 2'!#REF! -> #REF! | M8: =+'BALANCE NRO 2'!#REF! -> #REF!
A9: I. EQUIPO
A12: DESCRIPCIÓN | F12: MARCA | H12: TIPO | J12: TARIFA/DIA | K12: RENDIMIENTO | M12: Vr. UNITARIO
A13: HERRAMAMIENTAS MENORES 10% M.O | M13: =ROUND(0.1*M39,0) -> 818
A17: SUBTOTAL $ | M17: =+SUM(M13:M16) -> 818
A18: II. MATERIALES
A21: DESCRIPCIÓN | I21: UNIDAD | J21: CANTIDAD | K21: PRECIO UNIT. | M21: Vr. UNITARIO
A26: SUBTOTAL $ | M26: =+SUM(M22:M25) -> 0
A27: III. TRANSPORTES
A30: MATERIAL | H30: VOL. o PESO | I30: DISTANCIA | J30: M3 o Ton/Km | K30: TARIFA | M30: Vr. UNITARIO
M31: =IF(K31>0,ROUND(J31*K31,0),0) -> 0
A32: SUBTOTAL $ | M32: =+SUM(M31:M31) -> 0
A33: IV. MANO DE OBRA
A36: TRABAJADOR | H36: JORNAL | I36: PRESTACIONES | J36: JORNAL TOTAL | K36: RENDIMIENTO | M36: Vr. UNITARIO
A37: OFICIAL | H37: 65000 | I37: 0.86 | J37: =+ROUND(H37*(1+I37),0) -> 120900 | K37: 25 | M37: =IF(K37>0,ROUND(J37/K37,0),0) -> 4836
A38: 1 AYUDANTE | H38: 45000 | I38: 0.86 | J38: =+ROUND(H38*(1+I38),0) -> 83700 | K38: 25 | M38: =IF(K38>0,ROUND(J38/K38,0),0) -> 3348
A39: SUBTOTAL $ | M39: =+SUM(M37:M38) -> 8184
A41: TOTAL COSTO DIRECTO $ | M41: =+M17+M26+M32+M39 -> 9002
A43: PRECIO UNITARIO TOTAL APROXIMADO AL PESO | M43: =+M41 -> 9002
A45: CONTRATISTA: | G45: INTERVENTOR:
A51: Firma: | G51: Firma:
A52: OSCAR MEJIA ESCOBAR | G52: RAMON LOPEZ CAMARGO
A53: RL. SAICO INGENIERIA S.A.S | G53: RL. SOLUCIONES R&S S.A.S

Sheet NP53
A1: Consejo Superior de la Judicatura Dirección Seccional de Administración Judicial Sincelejo – Sucre
A2: =+#REF! -> #REF!
A3: ANALISIS DE PRECIOS UNITARIOS
A5: DATOS ESPECÍFICOS
A7: ITEM | B7: DESCRIPCIÓN | K7: UNIDAD | M7: CANTIDAD
A8: =+'BALANCE NRO 2'!#REF! -> #REF! | B8: =+'BALANCE NRO 2'!#REF! -> #REF! | K8: =+'BALANCE NRO 2'!#REF! -> #REF! | M8: =+'BALANCE NRO 2'!#REF! -> #REF!
A9: I. EQUIPO
A12: DESCRIPCIÓN | F12: MARCA | H12: TIPO | J12: TARIFA/DIA | K12: RENDIMIENTO | M12: Vr. UNITARIO
A13: HERRAMAMIENTAS MENORES 10% M.O | M13: =ROUND(0.1*M39,0) -> 1137
A17: SUBTOTAL $ | M17: =+SUM(M13:M16) -> 1137
A18: II. MATERIALES
A21: DESCRIPCIÓN | I21: UNIDAD | J21: CANTIDAD | K21: PRECIO UNIT. | M21: Vr. UNITARIO
A22: TUBO 2" | I22: ML | J22: 1 | K22: 9500 | M22: =IF(K22>0,ROUND(J22*K22,0),0) -> 9500
A23: PEGANTE | I23: GLN | J23: 0.016 | K23: 450000 | M23: =IF(K23>0,ROUND(J23*K23,0),0) -> 7200
A24: ACCESORIOS | I24: UND | J24: 1 | K24: 4000 | M24: =IF(K24>0,ROUND(J24*K24,0),0) -> 4000
A26: SUBTOTAL $ | M26: =+SUM(M22:M25) -> 20700
A27: III. TRANSPORTES
A30: MATERIAL | H30: VOL. o PESO | I30: DISTANCIA | J30: M3 o Ton/Km | K30: TARIFA | M30: Vr. UNITARIO
M31: =IF(K31>0,ROUND(J31*K31,0),0) -> 0
A32: SUBTOTAL $ | M32: =+SUM(M31:M31) -> 0
A33: IV. MANO DE OBRA
A36: TRABAJADOR | H36: JORNAL | I36: PRESTACIONES | J36: JORNAL TOTAL | K36: RENDIMIENTO | M36: Vr. UNITARIO
A37: OFICIAL | H37: 65000 | I37: 0.86 | J37: =+ROUND(H37*(1+I37),0) -> 120900 | K37: 18 | M37: =IF(K37>0,ROUND(J37/K37,0),0) -> 6717
A38: 1 AYUDANTE | H38: 45000 | I38: 0.86 | J38: =+ROUND(H38*(1+I38),0) -> 83700 | K38: 18 | M38: =IF(K38>0,ROUND(J38/K38,0),0) -> 4650
A39: SUBTOTAL $ | M39: =+SUM(M37:M38) -> 11367
A41: TOTAL COSTO DIRECTO $ | M41: =+M17+M26+M32+M39 -> 33204
A43: PRECIO UNITARIO TOTAL APROXIMADO AL PESO | M43: =+M41 -> 33204
A45: CONTRATISTA: | G45: INTERVENTOR:
A51: Firma: | G51: Firma:
A52: OSCAR MEJIA ESCOBAR | G52: RAMON LOPEZ CAMARGO
A53: RL. SAICO INGENIERIA S.A.S | G53: RL. SOLUCIONES R&S S.A.S
